Workbook

Sheet ORC BVI
B1: PLANILHA ORÇAMENTÁRIA DRENAGEM BAIRRO JARDIM BOA VISTA - SERTÃOZINHO/SP | M1: X
A2: Município de Sertãozinho/SP
A3: Objeto: | B3: EXECUÇÃO DE GALERIAS DE BACIA DE DETENÇÃO E GALERIAS DE ÁGUAS PLUVIAIS NO BAIRRO BOA VISTA
A4: Local: | B4: BAIRRO ANÉLIO CELINE - SERTÃOZINHO, SP
A5: ITEM | H5: S/ BDI | I5: BDI conforme acórdão 2369/2011 | K5: C/ BDI | M5: X
A6: 1 | B6: =B13 -> SERVIÇOS PRELIMINARES | H6: =H13 -> 29667.6 | K6: =K13 -> 37490.5 | M6: X | S6: ADM | T6: =#REF!/K9 -> #REF! | U6: <3%
A7: 2 | B7: =B32 -> VERTEDORES E GALERIAS DE DRENAGEM DE ÁGUAS PLUVIAIS NO BAIRRO BOA VISTA | H7: =H32 -> 144225.67 | K7: =K32 -> 182190.68 | M7: X | S7: PROJTEC | T7: =#REF!/#REF! -> #REF! | U7: >2,5%
A8: =A106 -> 3 | B8: =B106 -> BACIA DE DETENÇÃO DE CHEIAS NO BAIRRO BOA VISTA | H8: =H106 -> 229568.83 | K8: =K106 -> 290044.99 | M8: X | S8: PROJTEC | T8: =#REF!/#REF! -> #REF! | U8: >2,5%
B9: TOTAL DA OBRA | H9: =SUM(H6:H8) -> 403462.1 | K9: =SUM(K6:K8) -> 509726.17 | M9: X | P9: 6 | Q9: KM
A10: DATA BASE: SINAPI abril/2025 COM DESONERAÇÃO | G10: BDI - MATERIAL | H10: ='BDI BVI'!C36 -> 0.15278048 | P10: 25 | Q10: KM
G11: BDI - SERVIÇOS | H11: 0.2637 | M11: X | P11: 8 | Q11: KM | T11: =#REF!*2.5% -> #REF!
A12: ITEM | B12: DESCRIÇÃO | C12: REFERENCIA | D12: CÓDIGO | E12: UNID. | F12: QTDE. | G12: CUSTO UNITÁRIO (SEM BDI) - R$ | H12: CUSTO TOTAL R$ | I12: % BDI | J12: PREÇO UNITÁRIO C/ BDI (R$) | K12: PREÇO TOTAL C/ BDI (R$) | M12: X | Q12: =IF(O12<0.04,"ok","ALERTA") -> ok | T12: =T11/1.294 -> #REF!
A13: 1 | B13: SERVIÇOS PRELIMINARES | H13: =H19+H22+H31 -> 29667.6 | K13: =K19+K22+K31 -> 37490.5
A14: 1.1 | B14: GERAL
A15: 1.1.1 | B15: ADMINISTRACAO LOCAL DA OBRA | D15: SERT_AdmLocal | E15: MÊS | F15: ='MCQ AUXILIAR BVI'!F15 -> 3 | G15: 3350 | H15: =ROUND(F15*G15,2) -> 10050 | I15: =IF(M15="",$H$11,$H$10) -> 0.2637 | J15: =ROUND(G15*I15+G15,2) -> 4233.4 | K15: =ROUND(F15*J15,2) -> 12700.2
A16: 1.1.2 | B16: AS BUILT - PRANCHA FORMATO A1 | D16: SIURB 20-03-17 | E16: UN | F16: ='MCQ AUXILIAR BVI'!F16 -> 0 | G16: 1385.75 | H16: =ROUND(F16*G16,2) -> 0 | I16: =IF(M16="",$H$11,$H$10) -> 0.2637 | J16: =ROUND(G16*I16+G16,2) -> 1751.17 | K16: =ROUND(F16*J16,2) -> 0
A17: 1.1.3 | B17: FORNECIMENTO E INSTALAÇÃO DE PLACA DE OBRA COM CHAPA GALVANIZADA E ESTRUTURA DE MADEIRA. AF_03/2022_PS | C17: SINAPI | D17: 103689 | E17: =VLOOKUP(D17,'S03.25+C196+D10.24+F1024+S10.24'!$A$2:$D$20056,3, FALSE()) -> M2 | F17: ='MCQ AUXILIAR BVI'!F17 -> 6 | G17: =VLOOKUP(D17,'S03.25+C196+D10.24+F1024+S10.24'!$A$2:$D$35656,4, FALSE()) -> 466.76 | H17: =ROUND(F17*G17,2) -> 2800.56 | I17: =IF(M17="",$H$11,$H$10) -> 0.2637 | J17: =ROUND(G17*I17+G17,2) -> 589.84 | K17: =ROUND(F17*J17,2) -> 3539.04
A18: 1.1.4 | B18: =VLOOKUP(D18,'S03.25+C196+D10.24+F1024+S10.24'!$A$2:$C$20056,2, FALSE()) -> TAPUME COM COMPENSADO DE MADEIRA. AF_03/2024 | C18: SINAPI | D18: 98458 | E18: =VLOOKUP(D18,'S03.25+C196+D10.24+F1024+S10.24'!$A$2:$D$20056,3, FALSE()) -> M2 | F18: ='MCQ AUXILIAR BVI'!F18 -> 0 | G18: =VLOOKUP(D18,'S03.25+C196+D10.24+F1024+S10.24'!$A$2:$D$35656,4, FALSE()) -> 90.63 | H18: =ROUND(F18*G18,2) -> 0 | I18: =IF(M18="",$H$11,$H$10) -> 0.2637 | J18: =ROUND(G18*I18+G18,2) -> 114.53 | K18: =ROUND(F18*J18,2) -> 0
B19: SUB-TOTAL | H19: =SUM(H15:H18) -> 12850.56 | K19: =SUM(K15:K18) -> 16239.24
A20: 1.2 | B20: LOCAÇÃO DE OBRA
A21: 1.2.1 | B21: =VLOOKUP(D21,'S03.25+C196+D10.24+F1024+S10.24'!$A$2:$C$20056,2, FALSE()) -> Locação de rede de canalização | C21: CDHU | D21: 02.10.040 | E21: =VLOOKUP(D21,'S03.25+C196+D10.24+F1024+S10.24'!$A$2:$D$20056,3, FALSE()) -> M | F21: ='MCQ AUXILIAR BVI'!F21 -> 94.55 | G21: =VLOOKUP(D21,'S03.25+C196+D10.24+F1024+S10.24'!$A$2:$D$35656,4, FALSE()) -> 1.41 | H21: =ROUND(F21*G21,2) -> 133.32 | I21: =IF(M21="",$H$11,$H$10) -> 0.2637 | J21: =ROUND(G21*I21+G21,2) -> 1.78 | K21: =ROUND(F21*J21,2) -> 168.3
B22: SUB-TOTAL | H22: =SUM(H21:H21) -> 133.32 | K22: =SUM(K21:K21) -> 168.3
A23: 1.3 | B23: DEMOLICAO E RECOMPOSIÇÃO DA PAVIMENTACAO ASFALTICA
A24: 1.3.1 | B24: =VLOOKUP(D24,'S03.25+C196+D10.24+F1024+S10.24'!$A$2:$C$20056,2, FALSE()) -> RECOMPOSIÇÃO DE REVESTIMENTO EM CONCRETO ASFÁLTICO (AQUISIÇÃO EM USINA), PARA O FECHAMENTO DE VALAS - INCLUSO DEMOLIÇÃO DO PAVIMENTO. AF_12/2020 | C24: SINAPI | D24: 102098 | E24: =VLOOKUP(D24,'S03.25+C196+D10.24+F1024+S10.24'!$A$2:$D$20056,3, FALSE()) -> M3 | F24: 5.46 | G24: =VLOOKUP(D24,'S03.25+C196+D10.24+F1024+S10.24'!$A$2:$D$35656,4, FALSE()) -> 1977.08 | H24: =ROUND(F24*G24,2) -> 10794.86 | I24: =IF(M24="",$H$11,$H$10) -> 0.2637 | J24: =ROUND(G24*I24+G24,2) -> 2498.44 | K24: =ROUND(F24*J24,2) -> 13641.48
A25: 1.3.2 | B25: CONSTRUÇÃO DE BASE E SUB-BASE PARA PAVIMENTAÇÃO DE BRITA GRADUADA SIMPLES, COM ESPESSURA DE 15 CM - EXCLUSIVE CARGA E TRANSPORTE. AF_09/2024 | C25: SINAPI | D25: 96396 | E25: =VLOOKUP(D25,'S03.25+C196+D10.24+F1024+S10.24'!$A$2:$D$20056,3, FALSE()) -> M3 | F25: 16.38 | G25: =VLOOKUP(D25,'S03.25+C196+D10.24+F1024+S10.24'!$A$2:$D$35656,4, FALSE()) -> 139.85 | H25: =ROUND(F25*G25,2) -> 2290.74 | I25: =IF(M25="",$H$11,$H$10) -> 0.2637 | J25: =ROUND(G25*I25+G25,2) -> 176.73 | K25: =ROUND(F25*J25,2) -> 2894.84
A26: 1.3.3 | B26: =VLOOKUP(D26,'S03.25+C196+D10.24+F1024+S10.24'!$A$2:$C$20056,2, FALSE()) -> DEMOLIÇÃO DE PISO DE CONCRETO SIMPLES, DE FORMA MECANIZADA COM MARTELETE, SEM REAPROVEITAMENTO. AF_09/2023 | C26: SINAPI | D26: 104790 | E26: =VLOOKUP(D26,'S03.25+C196+D10.24+F1024+S10.24'!$A$2:$D$20056,3, FALSE()) -> M3 | F26: ='MCQ AUXILIAR BVI'!F25 -> 6.48 | G26: =VLOOKUP(D26,'S03.25+C196+D10.24+F1024+S10.24'!$A$2:$D$35656,4, FALSE()) -> 119.1 | H26: =ROUND(F26*G26,2) -> 771.77 | I26: =IF(M26="",$H$11,$H$10) -> 0.2637 | J26: =ROUND(G26*I26+G26,2) -> 150.51 | K26: =ROUND(F26*J26,2) -> 975.3
A27: 1.3.4 | B27: =VLOOKUP(D27,'S03.25+C196+D10.24+F1024+S10.24'!$A$2:$C$20056,2, FALSE()) -> EXECUÇÃO DE PASSEIO (CALÇADA) OU PISO DE CONCRETO COM CONCRETO MOLDADO IN LOCO, USINADO C20, ACABAMENTO CONVENCIONAL, NÃO ARMADO. AF_08/2022 | C27: SINAPI | D27: 94991 | E27: =VLOOKUP(D27,'S03.25+C196+D10.24+F1024+S10.24'!$A$2:$D$20056,3, FALSE()) -> M3 | F27: ='MCQ AUXILIAR BVI'!F26 -> 3.36 | G27: =VLOOKUP(D27,'S03.25+C196+D10.24+F1024+S10.24'!$A$2:$D$35656,4, FALSE()) -> 643.46 | H27: =ROUND(F27*G27,2) -> 2162.03 | I27: =IF(M27="",$H$11,$H$10) -> 0.2637 | J27: =ROUND(G27*I27+G27,2) -> 813.14 | K27: =ROUND(F27*J27,2) -> 2732.15
A28: 1.3.5 | B28: =VLOOKUP(D28,'S03.25+C196+D10.24+F1024+S10.24'!$A$2:$C$20056,2, FALSE()) -> CARGA, MANOBRA E DESCARGA DE ENTULHO EM CAMINHÃO BASCULANTE 14 M³ - CARGA COM ESCAVADEIRA HIDRÁULICA (CAÇAMBA DE 0,80 M³ / 111 HP) E DESCARGA LIVRE (UNIDADE: M3). AF_07/2020 | C28: SINAPI | D28: 100983 | E28: =VLOOKUP(D28,'S03.25+C196+D10.24+F1024+S10.24'!$A$2:$D$20056,3, FALSE()) -> M3 | F28: ='MCQ AUXILIAR BVI'!F27 -> 28.573125 | G28: =VLOOKUP(D28,'S03.25+C196+D10.24+F1024+S10.24'!$A$2:$D$35656,4, FALSE()) -> 9.57 | H28: =ROUND(F28*G28,2) -> 273.44 | I28: =IF(M28="",$H$11,$H$10) -> 0.2637 | J28: =ROUND(G28*I28+G28,2) -> 12.09 | K28: =ROUND(F28*J28,2) -> 345.45
A29: 1.3.6 | B29: =VLOOKUP(D29,'S03.25+C196+D10.24+F1024+S10.24'!$A$2:$C$20056,2, FALSE()) -> TRANSPORTE COM CAMINHÃO BASCULANTE DE 14 M³, EM VIA URBANA PAVIMENTADA, DMT ATÉ 30 KM (UNIDADE: M3XKM). AF_07/2020 | C29: SINAPI | D29: 95876 | E29: =VLOOKUP(D29,'S03.25+C196+D10.24+F1024+S10.24'!$A$2:$D$20056,3, FALSE()) -> M3XKM | F29: ='MCQ AUXILIAR BVI'!F28 -> 171.43875 | G29: =VLOOKUP(D29,'S03.25+C196+D10.24+F1024+S10.24'!$A$2:$D$35656,4, FALSE()) -> 2.28 | H29: =ROUND(F29*G29,2) -> 390.88 | I29: =IF(M29="",$H$11,$H$10) -> 0.2637 | J29: =ROUND(G29*I29+G29,2) -> 2.88 | K29: =ROUND(F29*J29,2) -> 493.74
A30: 1.3.4 | B30: =VLOOKUP(D30,'S03.25+C196+D10.24+F1024+S10.24'!$A$2:$C$20056,2, FALSE()) -> ESPALHAMENTO DE MATERIAL COM TRATOR DE ESTEIRAS. AF_09/2024 | C30: SINAPI | D30: 100574 | E30: =VLOOKUP(D30,'S03.25+C196+D10.24+F1024+S10.24'!$A$2:$D$20056,3, FALSE()) -> M3 | F30: ='MCQ AUXILIAR BVI'!F29 -> 0 | G30: =VLOOKUP(D30,'S03.25+C196+D10.24+F1024+S10.24'!$A$2:$D$35656,4, FALSE()) -> 1.47 | H30: =ROUND(F30*G30,2) -> 0 | I30: =IF(M30="",$H$11,$H$10) -> 0.2637 | J30: =ROUND(G30*I30+G30,2) -> 1.86 | K30: =ROUND(F30*J30,2) -> 0
B31: SUB-TOTAL | H31: =SUM(H24:H30) -> 16683.72 | K31: =SUM(K24:K30) -> 21082.96
A32: 2 | B32: VERTEDORES E GALERIAS DE DRENAGEM DE ÁGUAS PLUVIAIS NO BAIRRO BOA VISTA | H32: =H39+H43+H46+H51+H55+H60+H65+H75+H85+H95+H105 -> 144225.67 | K32: =K39+K43+K46+K51+K55+K60+K65+K75+K85+K95+K105 -> 182190.68
A33: 2.1 | B33: MOVIMENTO DE TERRA
A34: 2.1.2 | B34: =VLOOKUP(D34,'S03.25+C196+D10.24+F1024+S10.24'!$A$2:$C$20056,2, FALSE()) -> ESCAVAÇÃO MECANIZADA DE VALA COM PROF. MAIOR QUE 1,5 M ATÉ 3,0 M (MÉDIA MONTANTE E JUSANTE/UMA COMPOSIÇÃO POR TRECHO), ESCAVADEIRA (0,8 M3), LARG. ATÉ 1,5 M, EM SOLO DE 2A CATEGORIA, EM LOCAIS COM ALTO NÍVEL DE INTERFERÊNCIA. AF_09/2024 | C34: SINAPI | D34: 102308 | E34: =VLOOKUP(D34,'S03.25+C196+D10.24+F1024+S10.24'!$A$2:$D$20056,3, FALSE()) -> M3 | F34: ='MCQ AUXILIAR BVI'!F33 -> 445.0308 | G34: =VLOOKUP(D34,'S03.25+C196+D10.24+F1024+S10.24'!$A$2:$D$35656,4, FALSE()) -> 12.45 | H34: =ROUND(F34*G34,2) -> 5540.63 | I34: =IF(M34="",$H$11,$H$10) -> 0.2637 | J34: =ROUND(G34*I34+G34,2) -> 15.73 | K34: =ROUND(F34*J34,2) -> 7000.33
A35: 2.1.2 | B35: =VLOOKUP(D35,'S03.25+C196+D10.24+F1024+S10.24'!$A$2:$C$40056,2, FALSE()) -> REATERRO MECANIZADO DE VALA COM ESCAVADEIRA HIDRÁULICA (CAPACIDADE DA CAÇAMBA: 0,8 M³/POTÊNCIA: 111 HP), LARGURA ATÉ 1,5 M, PROFUNDIDADE DE 1,5 A 3,0 M, COM SOLO (SEM SUBSTITUIÇÃO) DE 1ª CATEGORIA, COM COMPACTADOR DE SOLOS DE PERCUSSÃO. AF_08/2023 | C35: SINAPI | D35: 93368 | E35: =VLOOKUP(D35,'S03.25+C196+D10.24+F1024+S10.24'!$A$2:$D$20056,3, FALSE()) -> M3 | F35: ='MCQ AUXILIAR BVI'!F34 -> 383.98651 | G35: =VLOOKUP(D35,'S03.25+C196+D10.24+F1024+S10.24'!$A$2:$D$35656,4, FALSE()) -> 21.63 | H35: =ROUND(F35*G35,2) -> 8305.63 | I35: =IF(M35="",$H$11,$H$10) -> 0.2637 | J35: =ROUND(G35*I35+G35,2) -> 27.33 | K35: =ROUND(F35*J35,2) -> 10494.35
A36: 2.1.3 | B36: =VLOOKUP(D36,'S03.25+C196+D10.24+F1024+S10.24'!$A$2:$C$40056,2, FALSE()) -> CARGA, MANOBRA E DESCARGA DE SOLOS E MATERIAIS GRANULARES EM CAMINHÃO BASCULANTE 14 M³ - CARGA COM PÁ CARREGADEIRA (CAÇAMBA DE 1,7 A 2,8 M³ / 128 HP) E DESCARGA LIVRE (UNIDADE: M3). AF_07/2020 | C36: SINAPI | D36: 100975 | E36: =VLOOKUP(D36,'S03.25+C196+D10.24+F1024+S10.24'!$A$2:$D$20056,3, FALSE()) -> M3 | F36: ='MCQ AUXILIAR BVI'!F35 -> 76.305359 | G36: =VLOOKUP(D36,'S03.25+C196+D10.24+F1024+S10.24'!$A$2:$D$35656,4, FALSE()) -> 8.96 | H36: =ROUND(F36*G36,2) -> 683.7 | I36: =IF(M36="",$H$11,$H$10) -> 0.2637 | J36: =ROUND(G36*I36+G36,2) -> 11.32 | K36: =ROUND(F36*J36,2) -> 863.78
A37: 2.1.4 | B37: =VLOOKUP(D37,'S03.25+C196+D10.24+F1024+S10.24'!$A$2:$C$40056,2, FALSE()) -> TRANSPORTE COM CAMINHÃO BASCULANTE DE 14 M³, EM VIA URBANA PAVIMENTADA, DMT ATÉ 30 KM (UNIDADE: M3XKM). AF_07/2020 | C37: SINAPI | D37: 95876 | E37: =VLOOKUP(D37,'S03.25+C196+D10.24+F1024+S10.24'!$A$2:$D$20056,3, FALSE()) -> M3XKM | F37: ='MCQ AUXILIAR BVI'!F36 -> 457.83215 | G37: =VLOOKUP(D37,'S03.25+C196+D10.24+F1024+S10.24'!$A$2:$D$35656,4, FALSE()) -> 2.28 | H37: =ROUND(F37*G37,2) -> 1043.86 | I37: =IF(M37="",$H$11,$H$10) -> 0.2637 | J37: =ROUND(G37*I37+G37,2) -> 2.88 | K37: =ROUND(F37*J37,2) -> 1318.56
A38: 2.1.5 | B38: =VLOOKUP(D38,'S03.25+C196+D10.24+F1024+S10.24'!$A$2:$C$20056,2, FALSE()) -> ESPALHAMENTO DE MATERIAL COM TRATOR DE ESTEIRAS. AF_09/2024 | C38: SINAPI | D38: 100574 | E38: =VLOOKUP(D38,'S03.25+C196+D10.24+F1024+S10.24'!$A$2:$D$20056,3, FALSE()) -> M3 | F38: ='MCQ AUXILIAR BVI'!F37 -> 0 | G38: =VLOOKUP(D38,'S03.25+C196+D10.24+F1024+S10.24'!$A$2:$D$35656,4, FALSE()) -> 1.47 | H38: =ROUND(F38*G38,2) -> 0 | I38: =IF(M38="",$H$11,$H$10) -> 0.2637 | J38: =ROUND(G38*I38+G38,2) -> 1.86 | K38: =ROUND(F38*J38,2) -> 0
B39: SUB-TOTAL | H39: =SUM(H34:H38) -> 15573.82 | K39: =SUM(K34:K38) -> 19677.02
A40: 2.2 | B40: ESGOTAMENTO / EMBASAMENTO
A41: 2.2.1 | B41: =VLOOKUP(D41,'S03.25+C196+D10.24+F1024+S10.24'!$A$2:$C$20056,2, FALSE()) -> ESGOTAMENTO DE VALA COM BOMBA SUBMERSÍVEL. AF_12/2022 | C41: SINAPI-I | D41: 104482 | E41: =VLOOKUP(D41,'S03.25+C196+D10.24+F1024+S10.24'!$A$2:$D$20056,3, FALSE()) -> H | F41: ='MCQ AUXILIAR BVI'!F40 -> 528 | G41: =VLOOKUP(D41,'S03.25+C196+D10.24+F1024+S10.24'!$A$2:$D$35656,4, FALSE()) -> 41.49 | H41: =ROUND(F41*G41,2) -> 21906.72 | I41: =IF(M41="",$H$11,$H$10) -> 0.2637 | J41: =ROUND(G41*I41+G41,2) -> 52.43 | K41: =ROUND(F41*J41,2) -> 27683.04
A42: 2.2.2 | B42: =VLOOKUP(D42,'S03.25+C196+D10.24+F1024+S10.24'!$A$2:$C$20056,2, FALSE()) -> PREPARO DE FUNDO DE VALA COM LARGURA MENOR QUE 1,5 M, COM CAMADA DE BRITA, LANÇAMENTO MECANIZADO. AF_08/2020 | C42: SINAPI | D42: 101623 | E42: =VLOOKUP(D42,'S03.25+C196+D10.24+F1024+S10.24'!$A$2:$D$20056,3, FALSE()) -> M3 | F42: ='MCQ AUXILIAR BVI'!F41 -> 0 | G42: =VLOOKUP(D42,'S03.25+C196+D10.24+F1024+S10.24'!$A$2:$D$35656,4, FALSE()) -> 234.29 | H42: =ROUND(F42*G42,2) -> 0 | I42: =IF(M42="",$H$11,$H$10) -> 0.2637 | J42: =ROUND(G42*I42+G42,2) -> 296.07 | K42: =ROUND(F42*J42,2) -> 0
B43: SUB-TOTAL | H43: =SUM(H41:H42) -> 21906.72 | K43: =SUM(K41:K42) -> 27683.04
A44: 2.3 | B44: ESCORAMENTO
A45: 2.3.1 | B45: =VLOOKUP(D45,'S03.25+C196+D10.24+F1024+S10.24'!$A$2:$C$20056,2, FALSE()) -> ESCORAMENTO DE VALA, TIPO DESCONTÍNUO, COM PROFUNDIDADE DE 1,5 M A 3,0 M, LARGURA MENOR QUE 1,5 M. AF_08/2020 | C45: SINAPI | D45: 101578 | E45: M2 | F45: ='MCQ AUXILIAR BVI'!F44 -> 513.09133 | G45: =VLOOKUP(D45,'S03.25+C196+D10.24+F1024+S10.24'!$A$2:$D$35656,4, FALSE()) -> 38.79 | H45: =ROUND(F45*G45,2) -> 19902.81 | I45: =IF(M45="",$H$11,$H$10) -> 0.2637 | J45: =ROUND(G45*I45+G45,2) -> 49.02 | K45: =ROUND(F45*J45,2) -> 25151.74
B46: SUB-TOTAL | H46: =SUM(H45:H45) -> 19902.81 | K46: =SUM(K45:K45) -> 25151.74
A47: 2.4 | B47: HIDRÁULICA
A48: 2.4.1 | B48: =VLOOKUP(D48,'S03.25+C196+D10.24+F1024+S10.24'!$A$2:$C$20056,2, FALSE()) -> TUBO DE CONCRETO PARA REDES COLETORAS DE ÁGUAS PLUVIAIS, DIÂMETRO DE 800 MM, JUNTA RÍGIDA, INSTALADO EM LOCAL COM ALTO NÍVEL DE INTERFERÊNCIAS - FORNECIMENTO E ASSENTAMENTO. AF_03/2024 | C48: SINAPI | D48: 92223 | E48: =VLOOKUP(D48,'S03.25+C196+D10.24+F1024+S10.24'!$A$2:$D$20056,3, FALSE()) -> M | F48: ='MCQ AUXILIAR BVI'!F47 -> 62.2 | G48: =VLOOKUP(D48,'S03.25+C196+D10.24+F1024+S10.24'!$A$2:$D$35656,4, FALSE()) -> 509.43 | H48: =ROUND(F48*G48,2) -> 31686.55 | I48: =IF(M48="",$H$11,$H$10) -> 0.2637 | J48: =ROUND(G48*I48+G48,2) -> 643.77 | K48: =ROUND(F48*J48,2) -> 40042.49
A49: 2.4.2 | B49: =VLOOKUP(D49,'S03.25+C196+D10.24+F1024+S10.24'!$A$2:$C$20056,2, FALSE()) -> TUBO DE CONCRETO PARA REDES COLETORAS DE ÁGUAS PLUVIAIS, DIÂMETRO DE 1000 MM, JUNTA RÍGIDA, INSTALADO EM LOCAL COM ALTO NÍVEL DE INTERFERÊNCIAS - FORNECIMENTO E ASSENTAMENTO. AF_03/2024 | C49: SINAPI | D49: 92226 | E49: =VLOOKUP(D49,'S03.25+C196+D10.24+F1024+S10.24'!$A$2:$D$20056,3, FALSE()) -> M | F49: ='MCQ AUXILIAR BVI'!F48 -> 19.7 | G49: =VLOOKUP(D49,'S03.25+C196+D10.24+F1024+S10.24'!$A$2:$D$35656,4, FALSE()) -> 607.39 | H49: =ROUND(F49*G49,2) -> 11965.58 | I49: =IF(M49="",$H$11,$H$10) -> 0.2637 | J49: =ROUND(G49*I49+G49,2) -> 767.56 | K49: =ROUND(F49*J49,2) -> 15120.93
A50: 2.4.3 | B50: =VLOOKUP(D50,'S03.25+C196+D10.24+F1024+S10.24'!$A$2:$C$20056,2, FALSE()) -> TUBO DE CONCRETO PARA REDES COLETORAS DE ÁGUAS PLUVIAIS, DIÂMETRO DE 1200 MM, JUNTA RÍGIDA, INSTALADO EM LOCAL COM ALTO NÍVEL DE INTERFERÊNCIAS - FORNECIMENTO E ASSENTAMENTO. AF_03/2024 | C50: SINAPI | D50: 92829 | E50: =VLOOKUP(D50,'S03.25+C196+D10.24+F1024+S10.24'!$A$2:$D$20056,3, FALSE()) -> M | F50: ='MCQ AUXILIAR BVI'!F49 -> 12.65 | G50: =VLOOKUP(D50,'S03.25+C196+D10.24+F1024+S10.24'!$A$2:$D$35656,4, FALSE()) -> 876.25 | H50: =ROUND(F50*G50,2) -> 11084.56 | I50: =IF(M50="",$H$11,$H$10) -> 0.2637 | J50: =ROUND(G50*I50+G50,2) -> 1107.32 | K50: =ROUND(F50*J50,2) -> 14007.6
B51: SUB-TOTAL | H51: =SUM(H48:H50) -> 54736.69 | K51: =SUM(K48:K50) -> 69171.02 | M51: *
A52: 2.5 | B52: ENVELOPAMENTO DA TUBULAÇÃO
A53: 2.5.1 | B53: =VLOOKUP(D53,'S03.25+C196+D10.24+F1024+S10.24'!$A$2:$C$20056,2, FALSE()) -> CONCRETO FCK = 25MPA, TRAÇO 1:2,3:2,7 (EM MASSA SECA DE CIMENTO/ AREIA MÉDIA/ BRITA 1) - PREPARO MECÂNICO COM BETONEIRA 600 L. AF_05/2021 | C53: SINAPI | D53: 94971 | E53: =VLOOKUP(D53,'S03.25+C196+D10.24+F1024+S10.24'!$A$2:$D$20056,3, FALSE()) -> M3 | F53: ='MCQ AUXILIAR BVI'!F52 -> 4.42 | G53: =VLOOKUP(D53,'S03.25+C196+D10.24+F1024+S10.24'!$A$2:$D$35656,4, FALSE()) -> 411.66 | H53: =ROUND(F53*G53,2) -> 1819.54 | I53: =IF(M53="",$H$11,$H$10) -> 0.2637 | J53: =ROUND(G53*I53+G53,2) -> 520.21 | K53: =ROUND(F53*J53,2) -> 2299.33
A54: 2.5.2 | B54: =VLOOKUP(D54,'S03.25+C196+D10.24+F1024+S10.24'!$A$2:$C$20056,2, FALSE()) -> TELA DE ACO SOLDADA NERVURADA, CA-60, Q-138, (2,20 KG/M2), DIAMETRO DO FIO = 4,2 MM, LARGURA = 2,45 M, ESPACAMENTO DA MALHA = 10 X 10 CM | C54: SINAPI | D54: 7155 | E54: =VLOOKUP(D54,'S03.25+C196+D10.24+F1024+S10.24'!$A$2:$D$20056,3, FALSE()) -> M2 | F54: ='MCQ AUXILIAR BVI'!F53 -> 29.49 | G54: =VLOOKUP(D54,'S03.25+C196+D10.24+F1024+S10.24'!$A$2:$D$35656,4, FALSE()) -> 17.24 | H54: =ROUND(F54*G54,2) -> 508.41 | I54: =IF(M54="",$H$11,$H$10) -> 0.2637 | J54: =ROUND(G54*I54+G54,2) -> 21.79 | K54: =ROUND(F54*J54,2) -> 642.59
B55: SUB-TOTAL | H55: =SUM(H53:H54) -> 2327.95 | K55: =SUM(K53:K54) -> 2941.92
A56: 2.6 | B56: POÇOS DE VISITA
A57: 2.6.1 | B57: =VLOOKUP(D57,'S03.25+C196+D10.24+F1024+S10.24'!$A$2:$C$20056,2, FALSE()) -> TAMPAO FOFO SIMPLES COM BASE / REQUADRO, CLASSE D400 CARGA MAX. 40 T, REDONDO, TAMPA 600 MM (COM INSCRICAO EM RELEVO DO TIPO DE REDE) | C57: SINAPI | D57: 6240 | E57: =VLOOKUP(D57,'S03.25+C196+D10.24+F1024+S10.24'!$A$2:$D$20056,3, FALSE()) -> UN | F57: ='MCQ AUXILIAR BVI'!F56 -> 1 | G57: =VLOOKUP(D57,'S03.25+C196+D10.24+F1024+S10.24'!$A$2:$D$35656,4, FALSE()) -> 569.33 | H57: =ROUND(F57*G57,2) -> 569.33 | I57: =IF(M57="",$H$11,$H$10) -> 0.15278048 | J57: =ROUND(G57*I57+G57,2) -> 656.31 | K57: =ROUND(F57*J57,2) -> 656.31 | M57: *
A58: 2.6.2 | B58: =VLOOKUP(D58,'S03.25+C196+D10.24+F1024+S10.24'!$A$2:$C$20056,2, FALSE()) -> BASE PARA POÇO DE VISITA RETANGULAR PARA DRENAGEM, EM ALVENARIA COM BLOCOS DE CONCRETO, DIMENSÕES INTERNAS = 1,5X1,5 M, PROFUNDIDADE = 1,40 M, EXCLUINDO TAMPÃO. AF_12/2020 | C58: SINAPI | D58: 99290 | E58: =VLOOKUP(D58,'S03.25+C196+D10.24+F1024+S10.24'!$A$2:$D$20056,3, FALSE()) -> UN | F58: ='MCQ AUXILIAR BVI'!F57 -> 1 | G58: =VLOOKUP(D58,'S03.25+C196+D10.24+F1024+S10.24'!$A$2:$D$35656,4, FALSE()) -> 4010.61 | H58: =ROUND(F58*G58,2) -> 4010.61 | I58: =IF(M58="",$H$11,$H$10) -> 0.2637 | J58: =ROUND(G58*I58+G58,2) -> 5068.21 | K58: =ROUND(F58*J58,2) -> 5068.21
A59: 2.6.3 | B59: =VLOOKUP(D59,'S03.25+C196+D10.24+F1024+S10.24'!$A$2:$C$20056,2, FALSE()) -> ACRÉSCIMO PARA POÇO DE VISITA RETANGULAR PARA DRENAGEM, EM ALVENARIA COM BLOCOS DE CONCRETO, DIMENSÕES INTERNAS = 1,5X1,5 M. AF_12/2020 | C59: SINAPI | D59: 99241 | E59: =VLOOKUP(D59,'S03.25+C196+D10.24+F1024+S10.24'!$A$2:$D$20056,3, FALSE()) -> M | F59: ='MCQ AUXILIAR BVI'!F58 -> 2.1 | G59: =VLOOKUP(D59,'S03.25+C196+D10.24+F1024+S10.24'!$A$2:$D$35656,4, FALSE()) -> 1875.41 | H59: =ROUND(F59*G59,2) -> 3938.36 | I59: =IF(M59="",$H$11,$H$10) -> 0.2637 | J59: =ROUND(G59*I59+G59,2) -> 2369.96 | K59: =ROUND(F59*J59,2) -> 4976.92
B60: SUB-TOTAL | H60: =SUM(H57:H59) -> 8518.3 | K60: =SUM(K57:K59) -> 10701.44
A61: 2.7 | B61: BOCAS DE LOBO
A62: 2.6.1 | B62: =VLOOKUP(D62,'S03.25+C196+D10.24+F1024+S10.24'!$A$2:$C$20056,2, FALSE()) -> Boca de lobo simples tipo PMSP com tampa de concreto | C62: SINAPI | D62: 49.12.010 | E62: =VLOOKUP(D62,'S03.25+C196+D10.24+F1024+S10.24'!$A$2:$D$20056,3, FALSE()) -> UN | F62: ='MCQ AUXILIAR BVI'!F61 -> 0 | G62: =VLOOKUP(D62,'S03.25+C196+D10.24+F1024+S10.24'!$A$2:$D$35656,4, FALSE()) -> 3435.05 | H62: =ROUND(F62*G62,2) -> 0 | I62: =IF(M62="",$H$11,$H$10) -> 0.2637 | J62: =ROUND(G62*I62+G62,2) -> 4340.87 | K62: =ROUND(F62*J62,2) -> 0
A63: 2.6.2 | B63: =VLOOKUP(D63,'S03.25+C196+D10.24+F1024+S10.24'!$A$2:$C$20056,2, FALSE()) -> Boca de lobo dupla tipo PMSP com tampa de concreto | C63: SINAPI | D63: 49.12.030 | E63: =VLOOKUP(D63,'S03.25+C196+D10.24+F1024+S10.24'!$A$2:$D$20056,3, FALSE()) -> UN | F63: ='MCQ AUXILIAR BVI'!F62 -> 0 | G63: =VLOOKUP(D63,'S03.25+C196+D10.24+F1024+S10.24'!$A$2:$D$35656,4, FALSE()) -> 5598.6 | H63: =ROUND(F63*G63,2) -> 0 | I63: =IF(M63="",$H$11,$H$10) -> 0.2637 | J63: =ROUND(G63*I63+G63,2) -> 7074.95 | K63: =ROUND(F63*J63,2) -> 0
A64: 2.6.3 | B64: =VLOOKUP(D64,'S03.25+C196+D10.24+F1024+S10.24'!$A$2:$C$20056,2, FALSE()) -> Boca de lobo tripla tipo PMSP com tampa de concreto | C64: SINAPI | D64: 49.12.050 | E64: =VLOOKUP(D64,'S03.25+C196+D10.24+F1024+S10.24'!$A$2:$D$20056,3, FALSE()) -> UN | F64: ='MCQ AUXILIAR BVI'!F63 -> 0 | G64: =VLOOKUP(D64,'S03.25+C196+D10.24+F1024+S10.24'!$A$2:$D$35656,4, FALSE()) -> 7701.37 | H64: =ROUND(F64*G64,2) -> 0 | I64: =IF(M64="",$H$11,$H$10) -> 0.2637 | J64: =ROUND(G64*I64+G64,2) -> 9732.22 | K64: =ROUND(F64*J64,2) -> 0
B65: SUB-TOTAL | H65: =SUM(H62:H64) -> 0 | K65: =SUM(K62:K64) -> 0
A66: 2.8 | B66: MURO ALA DE SAÍDA DN 800
A67: 2.8.1 | B67: =VLOOKUP(D67,'S03.25+C196+D10.24+F1024+S10.24'!$A$2:$C$20056,2, FALSE()) -> LASTRO DE CONCRETO MAGRO, APLICADO EM PISOS, LAJES SOBRE SOLO OU RADIERS. AF_01/2024 | C67: SINAPI | D67: 96620 | E67: =VLOOKUP(D67,'S03.25+C196+D10.24+F1024+S10.24'!$A$2:$D$20056,3, FALSE()) -> M3 | F67: ='MCQ AUXILIAR BVI'!F66 -> 0.17 | G67: =VLOOKUP(D67,'S03.25+C196+D10.24+F1024+S10.24'!$A$2:$D$35656,4, FALSE()) -> 676.02 | H67: =ROUND(F67*G67,2) -> 114.92 | I67: =IF(M67="",$H$11,$H$10) -> 0.2637 | J67: =ROUND(G67*I67+G67,2) -> 854.29 | K67: =ROUND(F67*J67,2) -> 145.23
A68: 2.8.2 | B68: =VLOOKUP(D68,'S03.25+C196+D10.24+F1024+S10.24'!$A$2:$C$20056,2, FALSE()) -> CONCRETO FCK = 25MPA, TRAÇO 1:2,3:2,7 (EM MASSA SECA DE CIMENTO/ AREIA MÉDIA/ BRITA 1) - PREPARO MECÂNICO COM BETONEIRA 600 L. AF_05/2021 | C68: SINAPI | D68: 94971 | E68: =VLOOKUP(D68,'S03.25+C196+D10.24+F1024+S10.24'!$A$2:$D$20056,3, FALSE()) -> M3 | F68: ='MCQ AUXILIAR BVI'!F67 -> 1.19 | G68: =VLOOKUP(D68,'S03.25+C196+D10.24+F1024+S10.24'!$A$2:$D$35656,4, FALSE()) -> 411.66 | H68: =ROUND(F68*G68,2) -> 489.88 | I68: =IF(M68="",$H$11,$H$10) -> 0.2637 | J68: =ROUND(G68*I68+G68,2) -> 520.21 | K68: =ROUND(F68*J68,2) -> 619.05
A69: 2.8.3 | B69: =VLOOKUP(D69,'S03.25+C196+D10.24+F1024+S10.24'!$A$2:$C$20056,2, FALSE()) -> ARMAÇÃO UTILIZANDO AÇO CA-25 DE 6,3 MM - MONTAGEM. AF_06/2022 | C69: SINAPI | D69: 92882 | E69: =VLOOKUP(D69,'S03.25+C196+D10.24+F1024+S10.24'!$A$2:$D$20056,3, FALSE()) -> KG | F69: ='MCQ AUXILIAR BVI'!F68 -> 73 | G69: =VLOOKUP(D69,'S03.25+C196+D10.24+F1024+S10.24'!$A$2:$D$35656,4, FALSE()) -> 13.65 | H69: =ROUND(F69*G69,2) -> 996.45 | I69: =IF(M69="",$H$11,$H$10) -> 0.2637 | J69: =ROUND(G69*I69+G69,2) -> 17.25 | K69: =ROUND(F69*J69,2) -> 1259.25
A70: 2.8.4 | B70: =VLOOKUP(D70,'S03.25+C196+D10.24+F1024+S10.24'!$A$2:$C$20056,2, FALSE()) -> ARMAÇÃO UTILIZANDO AÇO CA-25 DE 8,0 MM - MONTAGEM. AF_06/2022 | C70: SINAPI | D70: 92883 | E70: =VLOOKUP(D70,'S03.25+C196+D10.24+F1024+S10.24'!$A$2:$D$20056,3, FALSE()) -> KG | F70: ='MCQ AUXILIAR BVI'!F69 -> 0 | G70: =VLOOKUP(D70,'S03.25+C196+D10.24+F1024+S10.24'!$A$2:$D$35656,4, FALSE()) -> 12.34 | H70: =ROUND(F70*G70,2) -> 0 | I70: =IF(M70="",$H$11,$H$10) -> 0.2637 | J70: =ROUND(G70*I70+G70,2) -> 15.59 | K70: =ROUND(F70*J70,2) -> 0
A71: 2.8.4 | B71: =VLOOKUP(D71,'S03.25+C196+D10.24+F1024+S10.24'!$A$2:$C$20056,2, FALSE()) -> ARMAÇÃO UTILIZANDO AÇO CA-25 DE 10,0 MM - MONTAGEM. AF_06/2022 | C71: SINAPI | D71: 92884 | E71: =VLOOKUP(D71,'S03.25+C196+D10.24+F1024+S10.24'!$A$2:$D$20056,3, FALSE()) -> KG | F71: ='MCQ AUXILIAR BVI'!F70 -> 33 | G71: =VLOOKUP(D71,'S03.25+C196+D10.24+F1024+S10.24'!$A$2:$D$35656,4, FALSE()) -> 12.31 | H71: =ROUND(F71*G71,2) -> 406.23 | I71: =IF(M71="",$H$11,$H$10) -> 0.2637 | J71: =ROUND(G71*I71+G71,2) -> 15.56 | K71: =ROUND(F71*J71,2) -> 513.48
A72: 2.8.6 | B72: =VLOOKUP(D72,'S03.25+C196+D10.24+F1024+S10.24'!$A$2:$C$20056,2, FALSE()) -> ARMAÇÃO UTILIZANDO AÇO CA-25 DE 12,5 MM - MONTAGEM. AF_06/2022 | C72: SINAPI | D72: 92885 | E72: =VLOOKUP(D72,'S03.25+C196+D10.24+F1024+S10.24'!$A$2:$D$20056,3, FALSE()) -> KG | F72: ='MCQ AUXILIAR BVI'!F71 -> 0 | G72: =VLOOKUP(D72,'S03.25+C196+D10.24+F1024+S10.24'!$A$2:$D$35656,4, FALSE()) -> 11.55 | H72: =ROUND(F72*G72,2) -> 0 | I72: =IF(M72="",$H$11,$H$10) -> 0.2637 | J72: =ROUND(G72*I72+G72,2) -> 14.6 | K72: =ROUND(F72*J72,2) -> 0
A73: 2.8.7 | B73: =VLOOKUP(D73,'S03.25+C196+D10.24+F1024+S10.24'!$A$2:$C$20056,2, FALSE()) -> ARMAÇÃO UTILIZANDO AÇO CA-25 DE 16,0 MM - MONTAGEM. AF_06/2022 | C73: SINAPI | D73: 92886 | E73: =VLOOKUP(D73,'S03.25+C196+D10.24+F1024+S10.24'!$A$2:$D$20056,3, FALSE()) -> KG | F73: ='MCQ AUXILIAR BVI'!F72 -> 0 | G73: =VLOOKUP(D73,'S03.25+C196+D10.24+F1024+S10.24'!$A$2:$D$35656,4, FALSE()) -> 10.94 | H73: =ROUND(F73*G73,2) -> 0 | I73: =IF(M73="",$H$11,$H$10) -> 0.2637 | J73: =ROUND(G73*I73+G73,2) -> 13.82 | K73: =ROUND(F73*J73,2) -> 0
A74: 2.8.5 | B74: =VLOOKUP(D74,'S03.25+C196+D10.24+F1024+S10.24'!$A$2:$C$20056,2, FALSE()) -> FABRICAÇÃO, MONTAGEM E DESMONTAGEM DE FÔRMA PARA BOCA PARA BUEIRO, EM CHAPA DE MADEIRA COMPENSADA RESINADA, E = 17 MM, 2 UTILIZAÇÕES. AF_07/2021 | C74: SINAPI | D74: 102727 | E74: =VLOOKUP(D74,'S03.25+C196+D10.24+F1024+S10.24'!$A$2:$D$20056,3, FALSE()) -> M2 | F74: ='MCQ AUXILIAR BVI'!F73 -> 9.78 | G74: =VLOOKUP(D74,'S03.25+C196+D10.24+F1024+S10.24'!$A$2:$D$35656,4, FALSE()) -> 96.83 | H74: =ROUND(F74*G74,2) -> 947 | I74: =IF(M74="",$H$11,$H$10) -> 0.2637 | J74: =ROUND(G74*I74+G74,2) -> 122.36 | K74: =ROUND(F74*J74,2) -> 1196.68
B75: SUB-TOTAL | H75: =SUM(H67:H74) -> 2954.48 | K75: =SUM(K67:K74) -> 3733.69
A76: 2.9 | B76: MURO ALA DE SAÍDA DN 1000
A77: 2.9.1 | B77: =VLOOKUP(D77,'S03.25+C196+D10.24+F1024+S10.24'!$A$2:$C$20056,2, FALSE()) -> LASTRO DE CONCRETO MAGRO, APLICADO EM PISOS, LAJES SOBRE SOLO OU RADIERS. AF_01/2024 | C77: SINAPI | D77: 96620 | E77: =VLOOKUP(D77,'S03.25+C196+D10.24+F1024+S10.24'!$A$2:$D$20056,3, FALSE()) -> M3 | F77: ='MCQ AUXILIAR BVI'!F76 -> 0.25 | G77: =VLOOKUP(D77,'S03.25+C196+D10.24+F1024+S10.24'!$A$2:$D$35656,4, FALSE()) -> 676.02 | H77: =ROUND(F77*G77,2) -> 169.01 | I77: =IF(M77="",$H$11,$H$10) -> 0.2637 | J77: =ROUND(G77*I77+G77,2) -> 854.29 | K77: =ROUND(F77*J77,2) -> 213.57
A78: 2.9.2 | B78: =VLOOKUP(D78,'S03.25+C196+D10.24+F1024+S10.24'!$A$2:$C$20056,2, FALSE()) -> CONCRETO FCK = 25MPA, TRAÇO 1:2,3:2,7 (EM MASSA SECA DE CIMENTO/ AREIA MÉDIA/ BRITA 1) - PREPARO MECÂNICO COM BETONEIRA 600 L. AF_05/2021 | C78: SINAPI | D78: 94971 | E78: =VLOOKUP(D78,'S03.25+C196+D10.24+F1024+S10.24'!$A$2:$D$20056,3, FALSE()) -> M3 | F78: ='MCQ AUXILIAR BVI'!F77 -> 2.33 | G78: =VLOOKUP(D78,'S03.25+C196+D10.24+F1024+S10.24'!$A$2:$D$35656,4, FALSE()) -> 411.66 | H78: =ROUND(F78*G78,2) -> 959.17 | I78: =IF(M78="",$H$11,$H$10) -> 0.2637 | J78: =ROUND(G78*I78+G78,2) -> 520.21 | K78: =ROUND(F78*J78,2) -> 1212.09
A79: 2.9.3 | B79: =VLOOKUP(D79,'S03.25+C196+D10.24+F1024+S10.24'!$A$2:$C$20056,2, FALSE()) -> ARMAÇÃO UTILIZANDO AÇO CA-25 DE 6,3 MM - MONTAGEM. AF_06/2022 | C79: SINAPI | D79: 92882 | E79: =VLOOKUP(D79,'S03.25+C196+D10.24+F1024+S10.24'!$A$2:$D$20056,3, FALSE()) -> KG | F79: ='MCQ AUXILIAR BVI'!F78 -> 0 | G79: =VLOOKUP(D79,'S03.25+C196+D10.24+F1024+S10.24'!$A$2:$D$35656,4, FALSE()) -> 13.65 | H79: =ROUND(F79*G79,2) -> 0 | I79: =IF(M79="",$H$11,$H$10) -> 0.2637 | J79: =ROUND(G79*I79+G79,2) -> 17.25 | K79: =ROUND(F79*J79,2) -> 0
A80: 2.9.3 | B80: =VLOOKUP(D80,'S03.25+C196+D10.24+F1024+S10.24'!$A$2:$C$20056,2, FALSE()) -> ARMAÇÃO UTILIZANDO AÇO CA-25 DE 8,0 MM - MONTAGEM. AF_06/2022 | C80: SINAPI | D80: 92883 | E80: =VLOOKUP(D80,'S03.25+C196+D10.24+F1024+S10.24'!$A$2:$D$20056,3, FALSE()) -> KG | F80: ='MCQ AUXILIAR BVI'!F79 -> 176 | G80: =VLOOKUP(D80,'S03.25+C196+D10.24+F1024+S10.24'!$A$2:$D$35656,4, FALSE()) -> 12.34 | H80: =ROUND(F80*G80,2) -> 2171.84 | I80: =IF(M80="",$H$11,$H$10) -> 0.2637 | J80: =ROUND(G80*I80+G80,2) -> 15.59 | K80: =ROUND(F80*J80,2) -> 2743.84
A81: 2.9.4 | B81: =VLOOKUP(D81,'S03.25+C196+D10.24+F1024+S10.24'!$A$2:$C$20056,2, FALSE()) -> ARMAÇÃO UTILIZANDO AÇO CA-25 DE 10,0 MM - MONTAGEM. AF_06/2022 | C81: SINAPI | D81: 92884 | E81: =VLOOKUP(D81,'S03.25+C196+D10.24+F1024+S10.24'!$A$2:$D$20056,3, FALSE()) -> KG | F81: ='MCQ AUXILIAR BVI'!F80 -> 26 | G81: =VLOOKUP(D81,'S03.25+C196+D10.24+F1024+S10.24'!$A$2:$D$35656,4, FALSE()) -> 12.31 | H81: =ROUND(F81*G81,2) -> 320.06 | I81: =IF(M81="",$H$11,$H$10) -> 0.2637 | J81: =ROUND(G81*I81+G81,2) -> 15.56 | K81: =ROUND(F81*J81,2) -> 404.56
A82: 2.9.5 | B82: =VLOOKUP(D82,'S03.25+C196+D10.24+F1024+S10.24'!$A$2:$C$20056,2, FALSE()) -> ARMAÇÃO UTILIZANDO AÇO CA-25 DE 12,5 MM - MONTAGEM. AF_06/2022 | C82: SINAPI | D82: 92885 | E82: =VLOOKUP(D82,'S03.25+C196+D10.24+F1024+S10.24'!$A$2:$D$20056,3, FALSE()) -> KG | F82: ='MCQ AUXILIAR BVI'!F81 -> 26 | G82: =VLOOKUP(D82,'S03.25+C196+D10.24+F1024+S10.24'!$A$2:$D$35656,4, FALSE()) -> 11.55 | H82: =ROUND(F82*G82,2) -> 300.3 | I82: =IF(M82="",$H$11,$H$10) -> 0.2637 | J82: =ROUND(G82*I82+G82,2) -> 14.6 | K82: =ROUND(F82*J82,2) -> 379.6
A83: 2.9.7 | B83: =VLOOKUP(D83,'S03.25+C196+D10.24+F1024+S10.24'!$A$2:$C$20056,2, FALSE()) -> ARMAÇÃO UTILIZANDO AÇO CA-25 DE 16,0 MM - MONTAGEM. AF_06/2022 | C83: SINAPI | D83: 92886 | E83: =VLOOKUP(D83,'S03.25+C196+D10.24+F1024+S10.24'!$A$2:$D$20056,3, FALSE()) -> KG | F83: ='MCQ AUXILIAR BVI'!F82 -> 0 | G83: =VLOOKUP(D83,'S03.25+C196+D10.24+F1024+S10.24'!$A$2:$D$35656,4, FALSE()) -> 10.94 | H83: =ROUND(F83*G83,2) -> 0 | I83: =IF(M83="",$H$11,$H$10) -> 0.2637 | J83: =ROUND(G83*I83+G83,2) -> 13.82 | K83: =ROUND(F83*J83,2) -> 0
A84: 2.9.6 | B84: =VLOOKUP(D84,'S03.25+C196+D10.24+F1024+S10.24'!$A$2:$C$20056,2, FALSE()) -> FABRICAÇÃO, MONTAGEM E DESMONTAGEM DE FÔRMA PARA BOCA PARA BUEIRO, EM CHAPA DE MADEIRA COMPENSADA RESINADA, E = 17 MM, 2 UTILIZAÇÕES. AF_07/2021 | C84: SINAPI | D84: 102727 | E84: =VLOOKUP(D84,'S03.25+C196+D10.24+F1024+S10.24'!$A$2:$D$20056,3, FALSE()) -> M2 | F84: ='MCQ AUXILIAR BVI'!F83 -> 15.18 | G84: =VLOOKUP(D84,'S03.25+C196+D10.24+F1024+S10.24'!$A$2:$D$35656,4, FALSE()) -> 96.83 | H84: =ROUND(F84*G84,2) -> 1469.88 | I84: =IF(M84="",$H$11,$H$10) -> 0.2637 | J84: =ROUND(G84*I84+G84,2) -> 122.36 | K84: =ROUND(F84*J84,2) -> 1857.42
B85: SUB-TOTAL | H85: =SUM(H77:H84) -> 5390.26 | K85: =SUM(K77:K84) -> 6811.08
A86: 2.10 | B86: MURO ALA DE SAÍDA DN 1200
A87: 2.10.1 | B87: =VLOOKUP(D87,'S03.25+C196+D10.24+F1024+S10.24'!$A$2:$C$20056,2, FALSE()) -> LASTRO DE CONCRETO MAGRO, APLICADO EM PISOS, LAJES SOBRE SOLO OU RADIERS. AF_01/2024 | C87: SINAPI | D87: 96620 | E87: =VLOOKUP(D87,'S03.25+C196+D10.24+F1024+S10.24'!$A$2:$D$20056,3, FALSE()) -> M3 | F87: ='MCQ AUXILIAR BVI'!F86 -> 0.32 | G87: =VLOOKUP(D87,'S03.25+C196+D10.24+F1024+S10.24'!$A$2:$D$35656,4, FALSE()) -> 676.02 | H87: =ROUND(F87*G87,2) -> 216.33 | I87: =IF(M87="",$H$11,$H$10) -> 0.2637 | J87: =ROUND(G87*I87+G87,2) -> 854.29 | K87: =ROUND(F87*J87,2) -> 273.37
A88: 2.10.2 | B88: =VLOOKUP(D88,'S03.25+C196+D10.24+F1024+S10.24'!$A$2:$C$20056,2, FALSE()) -> CONCRETO FCK = 25MPA, TRAÇO 1:2,3:2,7 (EM MASSA SECA DE CIMENTO/ AREIA MÉDIA/ BRITA 1) - PREPARO MECÂNICO COM BETONEIRA 600 L. AF_05/2021 | C88: SINAPI | D88: 94971 | E88: =VLOOKUP(D88,'S03.25+C196+D10.24+F1024+S10.24'!$A$2:$D$20056,3, FALSE()) -> M3 | F88: ='MCQ AUXILIAR BVI'!F87 -> 3.07 | G88: =VLOOKUP(D88,'S03.25+C196+D10.24+F1024+S10.24'!$A$2:$D$35656,4, FALSE()) -> 411.66 | H88: =ROUND(F88*G88,2) -> 1263.8 | I88: =IF(M88="",$H$11,$H$10) -> 0.2637 | J88: =ROUND(G88*I88+G88,2) -> 520.21 | K88: =ROUND(F88*J88,2) -> 1597.04
A89: 2.10.3 | B89: =VLOOKUP(D89,'S03.25+C196+D10.24+F1024+S10.24'!$A$2:$C$20056,2, FALSE()) -> ARMAÇÃO UTILIZANDO AÇO CA-25 DE 6,3 MM - MONTAGEM. AF_06/2022 | C89: SINAPI | D89: 92882 | E89: =VLOOKUP(D89,'S03.25+C196+D10.24+F1024+S10.24'!$A$2:$D$20056,3, FALSE()) -> KG | F89: ='MCQ AUXILIAR BVI'!F88 -> 222 | G89: =VLOOKUP(D89,'S03.25+C196+D10.24+F1024+S10.24'!$A$2:$D$35656,4, FALSE()) -> 13.65 | H89: =ROUND(F89*G89,2) -> 3030.3 | I89: =IF(M89="",$H$11,$H$10) -> 0.2637 | J89: =ROUND(G89*I89+G89,2) -> 17.25 | K89: =ROUND(F89*J89,2) -> 3829.5
A90: 2.10.4 | B90: =VLOOKUP(D90,'S03.25+C196+D10.24+F1024+S10.24'!$A$2:$C$20056,2, FALSE()) -> ARMAÇÃO UTILIZANDO AÇO CA-25 DE 8,0 MM - MONTAGEM. AF_06/2022 | C90: SINAPI | D90: 92883 | E90: =VLOOKUP(D90,'S03.25+C196+D10.24+F1024+S10.24'!$A$2:$D$20056,3, FALSE()) -> KG | F90: ='MCQ AUXILIAR BVI'!F89 -> 0 | G90: =VLOOKUP(D90,'S03.25+C196+D10.24+F1024+S10.24'!$A$2:$D$35656,4, FALSE()) -> 12.34 | H90: =ROUND(F90*G90,2) -> 0 | I90: =IF(M90="",$H$11,$H$10) -> 0.2637 | J90: =ROUND(G90*I90+G90,2) -> 15.59 | K90: =ROUND(F90*J90,2) -> 0
A91: 2.10.4 | B91: =VLOOKUP(D91,'S03.25+C196+D10.24+F1024+S10.24'!$A$2:$C$20056,2, FALSE()) -> ARMAÇÃO UTILIZANDO AÇO CA-25 DE 10,0 MM - MONTAGEM. AF_06/2022 | C91: SINAPI | D91: 92884 | E91: =VLOOKUP(D91,'S03.25+C196+D10.24+F1024+S10.24'!$A$2:$D$20056,3, FALSE()) -> KG | F91: ='MCQ AUXILIAR BVI'!F90 -> 29 | G91: =VLOOKUP(D91,'S03.25+C196+D10.24+F1024+S10.24'!$A$2:$D$35656,4, FALSE()) -> 12.31 | H91: =ROUND(F91*G91,2) -> 356.99 | I91: =IF(M91="",$H$11,$H$10) -> 0.2637 | J91: =ROUND(G91*I91+G91,2) -> 15.56 | K91: =ROUND(F91*J91,2) -> 451.24
A92: 2.10.5 | B92: =VLOOKUP(D92,'S03.25+C196+D10.24+F1024+S10.24'!$A$2:$C$20056,2, FALSE()) -> ARMAÇÃO UTILIZANDO AÇO CA-25 DE 12,5 MM - MONTAGEM. AF_06/2022 | C92: SINAPI | D92: 92885 | E92: =VLOOKUP(D92,'S03.25+C196+D10.24+F1024+S10.24'!$A$2:$D$20056,3, FALSE()) -> KG | F92: ='MCQ AUXILIAR BVI'!F91 -> 28 | G92: =VLOOKUP(D92,'S03.25+C196+D10.24+F1024+S10.24'!$A$2:$D$35656,4, FALSE()) -> 11.55 | H92: =ROUND(F92*G92,2) -> 323.4 | I92: =IF(M92="",$H$11,$H$10) -> 0.2637 | J92: =ROUND(G92*I92+G92,2) -> 14.6 | K92: =ROUND(F92*J92,2) -> 408.8
A93: 2.10.7 | B93: =VLOOKUP(D93,'S03.25+C196+D10.24+F1024+S10.24'!$A$2:$C$20056,2, FALSE()) -> ARMAÇÃO UTILIZANDO AÇO CA-25 DE 16,0 MM - MONTAGEM. AF_06/2022 | C93: SINAPI | D93: 92886 | E93: =VLOOKUP(D93,'S03.25+C196+D10.24+F1024+S10.24'!$A$2:$D$20056,3, FALSE()) -> KG | F93: ='MCQ AUXILIAR BVI'!F92 -> 0 | G93: =VLOOKUP(D93,'S03.25+C196+D10.24+F1024+S10.24'!$A$2:$D$35656,4, FALSE()) -> 10.94 | H93: =ROUND(F93*G93,2) -> 0 | I93: =IF(M93="",$H$11,$H$10) -> 0.2637 | J93: =ROUND(G93*I93+G93,2) -> 13.82 | K93: =ROUND(F93*J93,2) -> 0
A94: 2.10.6 | B94: =VLOOKUP(D94,'S03.25+C196+D10.24+F1024+S10.24'!$A$2:$C$20056,2, FALSE()) -> FABRICAÇÃO, MONTAGEM E DESMONTAGEM DE FÔRMA PARA BOCA PARA BUEIRO, EM CHAPA DE MADEIRA COMPENSADA RESINADA, E = 17 MM, 2 UTILIZAÇÕES. AF_07/2021 | C94: SINAPI | D94: 102727 | E94: =VLOOKUP(D94,'S03.25+C196+D10.24+F1024+S10.24'!$A$2:$D$20056,3, FALSE()) -> M2 | F94: ='MCQ AUXILIAR BVI'!F93 -> 19.72 | G94: =VLOOKUP(D94,'S03.25+C196+D10.24+F1024+S10.24'!$A$2:$D$35656,4, FALSE()) -> 96.83 | H94: =ROUND(F94*G94,2) -> 1909.49 | I94: =IF(M94="",$H$11,$H$10) -> 0.2637 | J94: =ROUND(G94*I94+G94,2) -> 122.36 | K94: =ROUND(F94*J94,2) -> 2412.94
B95: SUB-TOTAL | H95: =SUM(H87:H94) -> 7100.31 | K95: =SUM(K87:K94) -> 8972.89
A96: 2.13 | B96: DISSIPADOR DE ENERGIA DN 1200
A97: 2.13.1 | B97: =VLOOKUP(D97,'S03.25+C196+D10.24+F1024+S10.24'!$A$2:$C$20056,2, FALSE()) -> LASTRO DE CONCRETO MAGRO, APLICADO EM PISOS, LAJES SOBRE SOLO OU RADIERS. AF_01/2024 | C97: SINAPI | D97: 96620 | E97: =VLOOKUP(D97,'S03.25+C196+D10.24+F1024+S10.24'!$A$2:$D$20056,3, FALSE()) -> M3 | F97: ='MCQ AUXILIAR BVI'!F96 -> 0.62 | G97: =VLOOKUP(D97,'S03.25+C196+D10.24+F1024+S10.24'!$A$2:$D$35656,4, FALSE()) -> 676.02 | H97: =ROUND(F97*G97,2) -> 419.13 | I97: =IF(M97="",$H$11,$H$10) -> 0.2637 | J97: =ROUND(G97*I97+G97,2) -> 854.29 | K97: =ROUND(F97*J97,2) -> 529.66
A98: 2.13.2 | B98: =VLOOKUP(D98,'S03.25+C196+D10.24+F1024+S10.24'!$A$2:$C$20056,2, FALSE()) -> CONCRETO FCK = 25MPA, TRAÇO 1:2,3:2,7 (EM MASSA SECA DE CIMENTO/ AREIA MÉDIA/ BRITA 1) - PREPARO MECÂNICO COM BETONEIRA 600 L. AF_05/2021 | C98: SINAPI | D98: 94971 | E98: =VLOOKUP(D98,'S03.25+C196+D10.24+F1024+S10.24'!$A$2:$D$20056,3, FALSE()) -> M3 | F98: ='MCQ AUXILIAR BVI'!F97 -> 3.38 | G98: =VLOOKUP(D98,'S03.25+C196+D10.24+F1024+S10.24'!$A$2:$D$35656,4, FALSE()) -> 411.66 | H98: =ROUND(F98*G98,2) -> 1391.41 | I98: =IF(M98="",$H$11,$H$10) -> 0.2637 | J98: =ROUND(G98*I98+G98,2) -> 520.21 | K98: =ROUND(F98*J98,2) -> 1758.31
A99: 2.13.3 | B99: =VLOOKUP(D99,'S03.25+C196+D10.24+F1024+S10.24'!$A$2:$C$20056,2, FALSE()) -> ARMAÇÃO UTILIZANDO AÇO CA-25 DE 6,3 MM - MONTAGEM. AF_06/2022 | C99: SINAPI | D99: 92882 | E99: =VLOOKUP(D99,'S03.25+C196+D10.24+F1024+S10.24'!$A$2:$D$20056,3, FALSE()) -> KG | F99: ='MCQ AUXILIAR BVI'!F98 -> 0 | G99: =VLOOKUP(D99,'S03.25+C196+D10.24+F1024+S10.24'!$A$2:$D$35656,4, FALSE()) -> 13.65 | H99: =ROUND(F99*G99,2) -> 0 | I99: =IF(M99="",$H$11,$H$10) -> 0.2637 | J99: =ROUND(G99*I99+G99,2) -> 17.25 | K99: =ROUND(F99*J99,2) -> 0
A100: 2.13.3 | B100: =VLOOKUP(D100,'S03.25+C196+D10.24+F1024+S10.24'!$A$2:$C$20056,2, FALSE()) -> ARMAÇÃO UTILIZANDO AÇO CA-25 DE 8,0 MM - MONTAGEM. AF_06/2022 | C100: SINAPI | D100: 92883 | E100: =VLOOKUP(D100,'S03.25+C196+D10.24+F1024+S10.24'!$A$2:$D$20056,3, FALSE()) -> KG | F100: ='MCQ AUXILIAR BVI'!F99 -> 204 | G100: =VLOOKUP(D100,'S03.25+C196+D10.24+F1024+S10.24'!$A$2:$D$35656,4, FALSE()) -> 12.34 | H100: =ROUND(F100*G100,2) -> 2517.36 | I100: =IF(M100="",$H$11,$H$10) -> 0.2637 | J100: =ROUND(G100*I100+G100,2) -> 15.59 | K100: =ROUND(F100*J100,2) -> 3180.36
...

Sheet MCQ AUXILIAR BVI
B1: MEMORIAL DE CÁLCULO DE QUANTITATIVOS AUXILIAR DRENAGEM BAIRRO JARDIM BOA VISTA | L1: X
A2: Município de Sertãozinho/SP
A3: Objeto: | B3: ='ORC BVI'!B3 -> EXECUÇÃO DE GALERIAS DE BACIA DE DETENÇÃO E GALERIAS DE ÁGUAS PLUVIAIS NO BAIRRO BOA VISTA
A4: Local: | B4: ='ORC BVI'!B4 -> BAIRRO ANÉLIO CELINE - SERTÃOZINHO, SP
A5: ITEM | H5: S/ BDI | I5: BDI conforme acórdão 2369/2011 | K5: C/ BDI | L5: X
A6: 1 | B6: =B13 -> SERVIÇOS PRELIMINARES | E6: 6 | F6: KM | H6: =H13 -> #REF! | K6: =K13 -> #REF! | L6: X | M6: Distância Bota Fora | R6: ADM | S6: =#REF!/K9 -> #REF! | T6: <3%
A7: 2 | B7: =B31 -> GALERIAS DE DRENAGEM DE ÁGUAS PLUVIAIS NOS BAIRROS JARDIM SANTA CLARA E JARDIM SANTA MARTA | E7: 25 | F7: KM | H7: =H31 -> #REF! | K7: =K31 -> #REF! | L7: X | M7: Distância Usina de Asfalto | R7: PROJTEC | S7: =#REF!/#REF! -> #REF! | T7: >2,5%
A8: =A105 -> 3 | B8: =B105 -> BACIA DE DETENÇÃO DE CHEIAS NO BAIRRO BOA VISTA | E8: 8 | F8: KM | H8: =H32 -> 0 | K8: =K32 -> 0 | L8: X | M8: Distância Jazida | R8: PROJTEC | S8: =#REF!/#REF! -> #REF! | T8: >2,5%
B9: TOTAL DA OBRA | H9: =SUM(H6:H7) -> #REF! | K9: =SUM(K6:K7) -> #REF! | L9: X
A10: ='ORC BVI'!A10 -> DATA BASE: SINAPI abril/2025 COM DESONERAÇÃO | G10: BDI - MATERIAL | H10: ='BDI BVI'!C36 -> 0.15278048
G11: BDI - SERVIÇOS | H11: 0.2637 | L11: X | S11: =#REF!*2.5% -> #REF!
A12: ITEM | B12: DESCRIÇÃO | C12: REFERENCIA | D12: CÓDIGO | E12: UNID. | F12: QTDE. | G12: CUSTO UNITÁRIO (SEM BDI) - R$ | H12: CUSTO TOTAL R$ | I12: % BDI | J12: PREÇO UNITÁRIO C/ BDI (R$) | K12: PREÇO TOTAL C/ BDI (R$) | L12: X | M12: INSUMO OU SERVIÇO | P12: =IF(N12<0.04,"ok","ALERTA") -> ok | S12: =S11/1.294 -> #REF!
A13: 1 | B13: SERVIÇOS PRELIMINARES | H13: =H19+H22+H30 -> #REF! | K13: =K19+K22+K30 -> #REF!
A14: 1.1 | B14: GERAL
A15: 1.1.1 | B15: ADMINISTRACAO LOCAL DA OBRA | D15: SERT_AdmLocal | E15: MÊS | F15: 3 | G15: 3350 | H15: =ROUND(F15*G15,2) -> 10050 | I15: =IF(L15="",$H$9,#REF!) -> #REF! | J15: =ROUND(G15*I15+G15,2) -> #REF! | K15: =ROUND(F15*J15,2) -> #REF! | M15: 04 MESES DE OBRAS | N15: =IF(M15<0.04,"ok","ALERTA") -> ALERTA
A16: 1.1.2 | B16: AS BUILT - PRANCHA FORMATO A1 | D16: SIURB 20-03-17 | E16: UN | F16: 0 | G16: 1385.75 | H16: =ROUND(F16*G16,2) -> 0 | I16: =IF(L16="",$H$9,#REF!) -> #REF! | J16: =ROUND(G16*I16+G16,2) -> #REF! | K16: =ROUND(F16*J16,2) -> #REF! | M16: 5 DESENHOS AS BUILT
A17: 1.1.3 | B17: =VLOOKUP(D17,'S03.25+C196+D10.24+F1024+S10.24'!$A$2:$C$20056,2, FALSE()) -> Placa de identificação para obra | C17: CDHU | D17: 02.08.020 | E17: =VLOOKUP(D17,'S03.25+C196+D10.24+F1024+S10.24'!$A$2:$D$20056,3, FALSE()) -> M2 | F17: 6 | G17: =VLOOKUP(D17,'S03.25+C196+D10.24+F1024+S10.24'!$A$2:$D$35656,4, FALSE()) -> 882.75 | H17: =ROUND(F17*G17,2) -> 5296.5 | I17: =IF(L17="",$H$9,#REF!) -> #REF! | J17: =ROUND(G17*I17+G17,2) -> #REF! | K17: =ROUND(F17*J17,2) -> #REF! | M17: UMA PLACA COM 3 m DE ALTURA POR 4 m DE LARGURA
A18: 1.1.4 | B18: =VLOOKUP(D18,'S03.25+C196+D10.24+F1024+S10.24'!$A$2:$C$20056,2, FALSE()) -> TAPUME COM COMPENSADO DE MADEIRA. AF_03/2024 | C18: SINAPI | D18: 98458 | E18: =VLOOKUP(D18,'S03.25+C196+D10.24+F1024+S10.24'!$A$2:$D$20056,3, FALSE()) -> M2 | F18: 0 | G18: =VLOOKUP(D18,'S03.25+C196+D10.24+F1024+S10.24'!$A$2:$D$35656,4, FALSE()) -> 90.63 | H18: =ROUND(F18*G18,2) -> 0 | I18: =IF(L18="",$H$9,#REF!) -> #REF! | J18: =ROUND(G18*I18+G18,2) -> #REF! | K18: =ROUND(F18*J18,2) -> #REF! | M18: 30 m DE TAPUME COM 2,0 m DE ALTURA
B19: SUB-TOTAL | H19: =SUM(#REF!) -> #REF! | K19: =SUM(#REF!) -> #REF!
A20: 1.2 | B20: LOCAÇÃO DE OBRA
A21: 1.2.1 | B21: =VLOOKUP(D21,'S03.25+C196+D10.24+F1024+S10.24'!$A$2:$C$20056,2, FALSE()) -> Locação de rede de canalização | C21: CDHU | D21: 02.10.040 | E21: =VLOOKUP(D21,'S03.25+C196+D10.24+F1024+S10.24'!$A$2:$D$20056,3, FALSE()) -> M | F21: =F47+F48+F49 -> 94.55 | G21: =VLOOKUP(D21,'S03.25+C196+D10.24+F1024+S10.24'!$A$2:$D$35656,4, FALSE()) -> 1.41 | H21: =ROUND(F21*G21,2) -> 133.32 | I21: =IF(L21="",$H$11,$H$10) -> 0.2637 | J21: =ROUND(G21*I21+G21,2) -> 1.78 | K21: =ROUND(F21*J21,2) -> 168.3 | M21: COMPRIMENTO TOTAL DE REDES DE DRENAGEM (PRIMÁRIAS E SECUNDÁRIAS)
B22: SUB-TOTAL | H22: =SUM(H21:H21) -> 133.32 | K22: =SUM(K21:K21) -> 168.3
A23: 1.3 | B23: DEMOLICAO E RECOMPOSIÇÃO DA PAVIMENTACAO ASFALTICA
A24: 1.3.1 | B24: =VLOOKUP(D24,'S03.25+C196+D10.24+F1024+S10.24'!$A$2:$C$20056,2, FALSE()) -> RECOMPOSIÇÃO DE REVESTIMENTO EM CONCRETO ASFÁLTICO (AQUISIÇÃO EM USINA), PARA O FECHAMENTO DE VALAS - INCLUSO DEMOLIÇÃO DO PAVIMENTO. AF_12/2020 | C24: SINAPI | D24: 102098 | E24: =VLOOKUP(D24,'S03.25+C196+D10.24+F1024+S10.24'!$A$2:$D$20056,3, FALSE()) -> M3 | F24: =109.19*0.15 -> 16.3785 | G24: =VLOOKUP(D24,'S03.25+C196+D10.24+F1024+S10.24'!$A$2:$D$35656,4, FALSE()) -> 1977.08 | H24: =ROUND(F24*G24,2) -> 32381.6 | I24: =IF(L24="",$H$11,$H$10) -> 0.2637 | J24: =ROUND(G24*I24+G24,2) -> 2498.44 | K24: =ROUND(F24*J24,2) -> 40920.7 | M24: CONFORME DESENHO MCQ x ESPESSURA = 0,15 m
A25: 1.3.1 | B25: =VLOOKUP(D25,'S03.25+C196+D10.24+F1024+S10.24'!$A$2:$C$20056,2, FALSE()) -> DEMOLIÇÃO DE PISO DE CONCRETO SIMPLES, DE FORMA MECANIZADA COM MARTELETE, SEM REAPROVEITAMENTO. AF_09/2023 | C25: SINAPI | D25: 104790 | E25: =VLOOKUP(D25,'S03.25+C196+D10.24+F1024+S10.24'!$A$2:$D$20056,3, FALSE()) -> M3 | F25: 6.48 | G25: =VLOOKUP(D25,'S03.25+C196+D10.24+F1024+S10.24'!$A$2:$D$35656,4, FALSE()) -> 119.1 | H25: =ROUND(F25*G25,2) -> 771.77 | I25: =IF(L25="",$H$11,$H$10) -> 0.2637 | J25: =ROUND(G25*I25+G25,2) -> 150.51 | K25: =ROUND(F25*J25,2) -> 975.3 | M25: CONFORME DESENHO MCQ
A26: 1.3.1 | B26: =VLOOKUP(D26,'S03.25+C196+D10.24+F1024+S10.24'!$A$2:$C$20056,2, FALSE()) -> EXECUÇÃO DE PASSEIO (CALÇADA) OU PISO DE CONCRETO COM CONCRETO MOLDADO IN LOCO, USINADO C20, ACABAMENTO CONVENCIONAL, NÃO ARMADO. AF_08/2022 | C26: SINAPI | D26: 94991 | E26: =VLOOKUP(D26,'S03.25+C196+D10.24+F1024+S10.24'!$A$2:$D$20056,3, FALSE()) -> M3 | F26: 3.36 | G26: =VLOOKUP(D26,'S03.25+C196+D10.24+F1024+S10.24'!$A$2:$D$35656,4, FALSE()) -> 643.46 | H26: =ROUND(F26*G26,2) -> 2162.03 | I26: =IF(L26="",$H$11,$H$10) -> 0.2637 | J26: =ROUND(G26*I26+G26,2) -> 813.14 | K26: =ROUND(F26*J26,2) -> 2732.15 | M26: CONFORME DESENHO MCQ
A27: 1.3.2 | B27: =VLOOKUP(D27,'S03.25+C196+D10.24+F1024+S10.24'!$A$2:$C$20056,2, FALSE()) -> CARGA, MANOBRA E DESCARGA DE ENTULHO EM CAMINHÃO BASCULANTE 14 M³ - CARGA COM ESCAVADEIRA HIDRÁULICA (CAÇAMBA DE 0,80 M³ / 111 HP) E DESCARGA LIVRE (UNIDADE: M3). AF_07/2020 | C27: SINAPI | D27: 100983 | E27: =VLOOKUP(D27,'S03.25+C196+D10.24+F1024+S10.24'!$A$2:$D$20056,3, FALSE()) -> M3 | F27: =(F24+F25)*1.25 -> 28.573125 | G27: =VLOOKUP(D27,'S03.25+C196+D10.24+F1024+S10.24'!$A$2:$D$35656,4, FALSE()) -> 9.57 | H27: =ROUND(F27*G27,2) -> 273.44 | I27: =IF(L27="",$H$11,$H$10) -> 0.2637 | J27: =ROUND(G27*I27+G27,2) -> 12.09 | K27: =ROUND(F27*J27,2) -> 345.45 | M27: IGUAL AO TOTAL DE PAVIMENTO DEMOLIDO x 25% DE EMPOLAMENTO DO MATERIAL
A28: 1.3.3 | B28: =VLOOKUP(D28,'S03.25+C196+D10.24+F1024+S10.24'!$A$2:$C$20056,2, FALSE()) -> TRANSPORTE COM CAMINHÃO BASCULANTE DE 14 M³, EM VIA URBANA PAVIMENTADA, DMT ATÉ 30 KM (UNIDADE: M3XKM). AF_07/2020 | C28: SINAPI | D28: 95876 | E28: =VLOOKUP(D28,'S03.25+C196+D10.24+F1024+S10.24'!$A$2:$D$20056,3, FALSE()) -> M3XKM | F28: =F27*E6 -> 171.43875 | G28: =VLOOKUP(D28,'S03.25+C196+D10.24+F1024+S10.24'!$A$2:$D$35656,4, FALSE()) -> 2.28 | H28: =ROUND(F28*G28,2) -> 390.88 | I28: =IF(L28="",$H$11,$H$10) -> 0.2637 | J28: =ROUND(G28*I28+G28,2) -> 2.88 | K28: =ROUND(F28*J28,2) -> 493.74 | M28: TOTAL CARREAGADO x DISTÂNCIA ATÉ O BOTA-FORA (INDICADA)
A29: 1.3.4 | B29: =VLOOKUP(D29,'S03.25+C196+D10.24+F1024+S10.24'!$A$2:$C$20056,2, FALSE()) -> ESPALHAMENTO DE MATERIAL COM TRATOR DE ESTEIRAS. AF_09/2024 | C29: SINAPI | D29: 100574 | E29: =VLOOKUP(D29,'S03.25+C196+D10.24+F1024+S10.24'!$A$2:$D$20056,3, FALSE()) -> M3 | F29: 0 | G29: =VLOOKUP(D29,'S03.25+C196+D10.24+F1024+S10.24'!$A$2:$D$35656,4, FALSE()) -> 1.47 | H29: =ROUND(F29*G29,2) -> 0 | I29: =IF(L29="",$H$11,$H$10) -> 0.2637 | J29: =ROUND(G29*I29+G29,2) -> 1.86 | K29: =ROUND(F29*J29,2) -> 0 | M29: IGUAL AO TOTAL CARREGADO
B30: SUB-TOTAL | H30: =SUM(H24:H29) -> 35979.72 | K30: =SUM(K24:K29) -> 45467.34
A31: 2 | B31: GALERIAS DE DRENAGEM DE ÁGUAS PLUVIAIS NOS BAIRROS JARDIM SANTA CLARA E JARDIM SANTA MARTA | H31: =H38+H42+H45+H50+H59+#REF!+#REF! -> #REF! | K31: =K38+K42+K45+K50+K59+#REF!+#REF! -> #REF!
A32: 2.1 | B32: MOVIMENTO DE TERRA
A33: 2.1.2 | B33: =VLOOKUP(D33,'S03.25+C196+D10.24+F1024+S10.24'!$A$2:$C$20056,2, FALSE()) -> ESCAVAÇÃO MECANIZADA DE VALA COM PROF. MAIOR QUE 1,5 M ATÉ 3,0 M (MÉDIA MONTANTE E JUSANTE/UMA COMPOSIÇÃO POR TRECHO), ESCAVADEIRA (0,8 M3), LARG. ATÉ 1,5 M, EM SOLO DE 2A CATEGORIA, EM LOCAIS COM ALTO NÍVEL DE INTERFERÊNCIA. AF_09/2024 | C33: SINAPI | D33: 102308 | E33: =VLOOKUP(D33,'S03.25+C196+D10.24+F1024+S10.24'!$A$2:$D$20056,3, FALSE()) -> M3 | F33: =(1.2*F47*(3.73))+(2.2*F48*(1.5+0.18))+(2.4*F49*(2.91+0.18)) -> 445.0308 | G33: =VLOOKUP(D33,'S03.25+C196+D10.24+F1024+S10.24'!$A$2:$D$35656,4, FALSE()) -> 12.45 | H33: =ROUND(F33*G33,2) -> 5540.63 | I33: =IF(L33="",$H$11,$H$10) -> 0.2637 | J33: =ROUND(G33*I33+G33,2) -> 15.73 | K33: =ROUND(F33*J33,2) -> 7000.33 | M33: ESCAVAÇÃO P/ TUBOS DN400+DN500 (1,00m LARG x 2,0 m PROF)+ESCAVAÇÃO P/ TUBOS DN600 (1,20m LARG x 2,0 m PROF)+ESCAVAÇÃO P/ TUBOS DN1000 (2,20m LARG x 2,15m PROF + 0,18m EMBASAM)+ESCAVAÇÃO P/ TUBOS DN1200 (2,40m LARG x PROF MED + 0,18m EMBASAM)+ESCAVAÇÃO P/ TUBOS DN1500 (2,70m LARG x PROF MED + 0,20m EMBASAM)
A34: 2.1.4 | B34: =VLOOKUP(D34,'S03.25+C196+D10.24+F1024+S10.24'!$A$2:$C$40056,2, FALSE()) -> REATERRO MECANIZADO DE VALA COM ESCAVADEIRA HIDRÁULICA (CAPACIDADE DA CAÇAMBA: 0,8 M³/POTÊNCIA: 111 HP), LARGURA ATÉ 1,5 M, PROFUNDIDADE DE 1,5 A 3,0 M, COM SOLO (SEM SUBSTITUIÇÃO) DE 1ª CATEGORIA, COM COMPACTADOR DE SOLOS DE PERCUSSÃO. AF_08/2023 | C34: SINAPI | D34: 93368 | E34: =VLOOKUP(D34,'S03.25+C196+D10.24+F1024+S10.24'!$A$2:$D$20056,3, FALSE()) -> M3 | F34: =F33-(((PI()*(0.8)^2)/4)*F47)-(((PI()*(1)^2)/4)*F48)-(((PI()*(1.2)^2)/4)*F49) -> 383.98651 | G34: =VLOOKUP(D34,'S03.25+C196+D10.24+F1024+S10.24'!$A$2:$D$35656,4, FALSE()) -> 21.63 | H34: =ROUND(F34*G34,2) -> 8305.63 | I34: =IF(L34="",$H$11,$H$10) -> 0.2637 | J34: =ROUND(G34*I34+G34,2) -> 27.33 | K34: =ROUND(F34*J34,2) -> 10494.35 | M34: (REATERRO PARA O TRECHO DN400 - VOL DO TUBO DN400)+(REATERRO PARA O TRECHO DN500 - VOL DO TUBO DN500)+(REATERRO PARA O TRECHO DN600 - VOL DO TUBO DN600)+(REATERRO PARA O TRECHO DN1000 - VOL DO TUBO DN1000)+(REATERRO PARA O TRECHO DN1200 - VOL DO TUBO DN1200)+(REATERRO PARA O TRECHO DN1500 - VOL DO TUBO DN1500)
A35: 2.1.6 | B35: =VLOOKUP(D35,'S03.25+C196+D10.24+F1024+S10.24'!$A$2:$C$40056,2, FALSE()) -> CARGA, MANOBRA E DESCARGA DE SOLOS E MATERIAIS GRANULARES EM CAMINHÃO BASCULANTE 14 M³ - CARGA COM PÁ CARREGADEIRA (CAÇAMBA DE 1,7 A 2,8 M³ / 128 HP) E DESCARGA LIVRE (UNIDADE: M3). AF_07/2020 | C35: SINAPI | D35: 100975 | E35: =VLOOKUP(D35,'S03.25+C196+D10.24+F1024+S10.24'!$A$2:$D$20056,3, FALSE()) -> M3 | F35: =((F33)-(F34))*1.25 -> 76.305359 | G35: =VLOOKUP(D35,'S03.25+C196+D10.24+F1024+S10.24'!$A$2:$D$35656,4, FALSE()) -> 8.96 | H35: =ROUND(F35*G35,2) -> 683.7 | I35: =IF(L35="",$H$11,$H$10) -> 0.2637 | J35: =ROUND(G35*I35+G35,2) -> 11.32 | K35: =ROUND(F35*J35,2) -> 863.78 | M35: IGUAL AO (TOTAL ESCAVADO - TOTAL REATERRADO) x 25% DE EMPOLAMENTO DO MATERIAL
A36: 2.1.7 | B36: =VLOOKUP(D36,'S03.25+C196+D10.24+F1024+S10.24'!$A$2:$C$40056,2, FALSE()) -> TRANSPORTE COM CAMINHÃO BASCULANTE DE 14 M³, EM VIA URBANA PAVIMENTADA, DMT ATÉ 30 KM (UNIDADE: M3XKM). AF_07/2020 | C36: SINAPI | D36: 95876 | E36: =VLOOKUP(D36,'S03.25+C196+D10.24+F1024+S10.24'!$A$2:$D$20056,3, FALSE()) -> M3XKM | F36: =F35*E6 -> 457.83215 | G36: =VLOOKUP(D36,'S03.25+C196+D10.24+F1024+S10.24'!$A$2:$D$35656,4, FALSE()) -> 2.28 | H36: =ROUND(F36*G36,2) -> 1043.86 | I36: =IF(L36="",$H$11,$H$10) -> 0.2637 | J36: =ROUND(G36*I36+G36,2) -> 2.88 | K36: =ROUND(F36*J36,2) -> 1318.56 | M36: TOTAL CARREAGADO x DISTÂNCIA ATÉ O BOTA-FORA (INDICADA)
A37: 2.1.8 | B37: =VLOOKUP(D37,'S03.25+C196+D10.24+F1024+S10.24'!$A$2:$C$20056,2, FALSE()) -> ESPALHAMENTO DE MATERIAL COM TRATOR DE ESTEIRAS. AF_09/2024 | C37: SINAPI | D37: 100574 | E37: =VLOOKUP(D37,'S03.25+C196+D10.24+F1024+S10.24'!$A$2:$D$20056,3, FALSE()) -> M3 | F37: 0 | G37: =VLOOKUP(D37,'S03.25+C196+D10.24+F1024+S10.24'!$A$2:$D$35656,4, FALSE()) -> 1.47 | H37: =ROUND(F37*G37,2) -> 0 | I37: =IF(L37="",$H$11,$H$10) -> 0.2637 | J37: =ROUND(G37*I37+G37,2) -> 1.86 | K37: =ROUND(F37*J37,2) -> 0 | M37: IGUAL AO TOTAL CARREGADO
B38: SUB-TOTAL | H38: =SUM(H33:H37) -> 15573.82 | K38: =SUM(K33:K37) -> 19677.02
A39: 2.2 | B39: ESGOTAMENTO / EMBASAMENTO
A40: 2.2.1 | B40: =VLOOKUP(D40,'S03.25+C196+D10.24+F1024+S10.24'!$A$2:$C$20056,2, FALSE()) -> ESGOTAMENTO DE VALA COM BOMBA SUBMERSÍVEL. AF_12/2022 | C40: SINAPI-I | D40: 104482 | E40: =VLOOKUP(D40,'S03.25+C196+D10.24+F1024+S10.24'!$A$2:$D$20056,3, FALSE()) -> H | F40: 528 | G40: =VLOOKUP(D40,'S03.25+C196+D10.24+F1024+S10.24'!$A$2:$D$35656,4, FALSE()) -> 41.49 | H40: =ROUND(F40*G40,2) -> 21906.72 | I40: =IF(L40="",$H$11,$H$10) -> 0.2637 | J40: =ROUND(G40*I40+G40,2) -> 52.43 | K40: =ROUND(F40*J40,2) -> 27683.04 | M40: IGUAL AO ESGOTAMENTO REALIZADO POR 03 BOMBAS DURANTE 22 DIAS ÚTEIS NO MÊS X 8 HORAS POR DIA
A41: 2.2.2 | B41: =VLOOKUP(D41,'S03.25+C196+D10.24+F1024+S10.24'!$A$2:$C$20056,2, FALSE()) -> PREPARO DE FUNDO DE VALA COM LARGURA MENOR QUE 1,5 M, COM CAMADA DE BRITA, LANÇAMENTO MECANIZADO. AF_08/2020 | C41: SINAPI | D41: 101623 | E41: =VLOOKUP(D41,'S03.25+C196+D10.24+F1024+S10.24'!$A$2:$D$20056,3, FALSE()) -> M3 | F41: 0 | G41: =VLOOKUP(D41,'S03.25+C196+D10.24+F1024+S10.24'!$A$2:$D$35656,4, FALSE()) -> 234.29 | H41: =ROUND(F41*G41,2) -> 0 | I41: =IF(L41="",$H$11,$H$10) -> 0.2637 | J41: =ROUND(G41*I41+G41,2) -> 296.07 | K41: =ROUND(F41*J41,2) -> 0 | M41: ESPESSURA DO EMBASAMENTO CONFORME TABELA DET. x LARGURA DA VALA x EXT. DN800 + ESPESSURA DO EMBASAMENTO CONFORME TABELA DET. x LARGURA DA VALA x EXT. DN1000 + ESPESSURA DO EMBASAMENTO CONFORME TABELA DET. x LARGURA DA VALA x EXT. DN1200
B42: SUB-TOTAL | H42: =SUM(#REF!) -> #REF! | K42: =SUM(#REF!) -> #REF!
A43: 2.3 | B43: ESCORAMENTO
A44: 2.3.1 | B44: =VLOOKUP(D44,'S03.25+C196+D10.24+F1024+S10.24'!$A$2:$C$20056,2, FALSE()) -> ESCORAMENTO DE VALA, TIPO DESCONTÍNUO, COM PROFUNDIDADE DE 1,5 M A 3,0 M, LARGURA MENOR QUE 1,5 M. AF_08/2020 | C44: SINAPI | D44: 101578 | E44: M2 | F44: =(F48+F49+F47)*2*((3.73+1.5+2.91)/3) -> 513.09133 | G44: =VLOOKUP(D44,'S03.25+C196+D10.24+F1024+S10.24'!$A$2:$D$35656,4, FALSE()) -> 38.79 | H44: =ROUND(F44*G44,2) -> 19902.81 | I44: =IF(L44="",$H$11,$H$10) -> 0.2637 | J44: =ROUND(G44*I44+G44,2) -> 49.02 | K44: =ROUND(F44*J44,2) -> 25151.74 | M44: EXTENSÃO TUBOS DN1000 + DN1200 + DN1500 x 2 LADOS DA VALA x PROFUNDIDADE DA VALA
B45: SUB-TOTAL | H45: =SUM(H44:H44) -> 19902.81 | K45: =SUM(K44:K44) -> 25151.74
A46: 2.4 | B46: HIDRÁULICA
A47: 2.4.3 | B47: =VLOOKUP(D47,'S03.25+C196+D10.24+F1024+S10.24'!$A$2:$C$20056,2, FALSE()) -> TUBO DE CONCRETO PARA REDES COLETORAS DE ÁGUAS PLUVIAIS, DIÂMETRO DE 800 MM, JUNTA RÍGIDA, INSTALADO EM LOCAL COM ALTO NÍVEL DE INTERFERÊNCIAS - FORNECIMENTO E ASSENTAMENTO. AF_03/2024 | C47: SINAPI | D47: 92223 | E47: =VLOOKUP(D47,'S03.25+C196+D10.24+F1024+S10.24'!$A$2:$D$20056,3, FALSE()) -> M | F47: 62.2 | G47: =VLOOKUP(D47,'S03.25+C196+D10.24+F1024+S10.24'!$A$2:$D$35656,4, FALSE()) -> 509.43 | H47: =ROUND(F47*G47,2) -> 31686.55 | I47: =IF(L47="",$H$11,$H$10) -> 0.2637 | J47: =ROUND(G47*I47+G47,2) -> 643.77 | K47: =ROUND(F47*J47,2) -> 40042.49 | M47: EXTENSÃO TOTAL DE TUBOS DE CONCRETO DN600 CONFORME PROJETO
A48: 2.4.4 | B48: =VLOOKUP(D48,'S03.25+C196+D10.24+F1024+S10.24'!$A$2:$C$20056,2, FALSE()) -> TUBO DE CONCRETO PARA REDES COLETORAS DE ÁGUAS PLUVIAIS, DIÂMETRO DE 1000 MM, JUNTA RÍGIDA, INSTALADO EM LOCAL COM ALTO NÍVEL DE INTERFERÊNCIAS - FORNECIMENTO E ASSENTAMENTO. AF_03/2024 | C48: SINAPI | D48: 92226 | E48: =VLOOKUP(D48,'S03.25+C196+D10.24+F1024+S10.24'!$A$2:$D$20056,3, FALSE()) -> M | F48: 19.7 | G48: =VLOOKUP(D48,'S03.25+C196+D10.24+F1024+S10.24'!$A$2:$D$35656,4, FALSE()) -> 607.39 | H48: =ROUND(F48*G48,2) -> 11965.58 | I48: =IF(L48="",$H$11,$H$10) -> 0.2637 | J48: =ROUND(G48*I48+G48,2) -> 767.56 | K48: =ROUND(F48*J48,2) -> 15120.93 | M48: EXTENSÃO TOTAL DE TUBOS DE CONCRETO DN1000 CONFORME PROJETO
A49: 2.4.5 | B49: =VLOOKUP(D49,'S03.25+C196+D10.24+F1024+S10.24'!$A$2:$C$20056,2, FALSE()) -> TUBO DE CONCRETO PARA REDES COLETORAS DE ÁGUAS PLUVIAIS, DIÂMETRO DE 1200 MM, JUNTA RÍGIDA, INSTALADO EM LOCAL COM ALTO NÍVEL DE INTERFERÊNCIAS - FORNECIMENTO E ASSENTAMENTO. AF_03/2024 | C49: SINAPI | D49: 92829 | E49: =VLOOKUP(D49,'S03.25+C196+D10.24+F1024+S10.24'!$A$2:$D$20056,3, FALSE()) -> M | F49: 12.65 | G49: =VLOOKUP(D49,'S03.25+C196+D10.24+F1024+S10.24'!$A$2:$D$35656,4, FALSE()) -> 876.25 | H49: =ROUND(F49*G49,2) -> 11084.56 | I49: =IF(L49="",$H$11,$H$10) -> 0.2637 | J49: =ROUND(G49*I49+G49,2) -> 1107.32 | K49: =ROUND(F49*J49,2) -> 14007.6 | M49: EXTENSÃO TOTAL DE TUBOS DE CONCRETO DN1200 CONFORME PROJETO | N49: *
B50: SUB-TOTAL | H50: =SUM(#REF!) -> #REF! | K50: =SUM(#REF!) -> #REF!
A51: 2.5 | B51: ENVELOPAMENTO DA TUBULAÇÃO
A52: 2.5.1 | B52: =VLOOKUP(D52,'S03.25+C196+D10.24+F1024+S10.24'!$A$2:$C$20056,2, FALSE()) -> CONCRETO FCK = 25MPA, TRAÇO 1:2,3:2,7 (EM MASSA SECA DE CIMENTO/ AREIA MÉDIA/ BRITA 1) - PREPARO MECÂNICO COM BETONEIRA 600 L. AF_05/2021 | C52: SINAPI | D52: 94971 | E52: =VLOOKUP(D52,'S03.25+C196+D10.24+F1024+S10.24'!$A$2:$D$20056,3, FALSE()) -> M3 | F52: 4.42 | G52: =VLOOKUP(D52,'S03.25+C196+D10.24+F1024+S10.24'!$A$2:$D$35656,4, FALSE()) -> 411.66 | H52: =ROUND(F52*G52,2) -> 1819.54 | I52: =IF(L52="",$H$11,$H$10) -> 0.2637 | J52: =ROUND(G52*I52+G52,2) -> 520.21 | K52: =ROUND(F52*J52,2) -> 2299.33 | M52: CONFORME DETALHE DO ENVELOPAMENTO E DESENHO MCQ
A53: 2.5.2 | B53: =VLOOKUP(D53,'S03.25+C196+D10.24+F1024+S10.24'!$A$2:$C$20056,2, FALSE()) -> TELA DE ACO SOLDADA NERVURADA, CA-60, Q-138, (2,20 KG/M2), DIAMETRO DO FIO = 4,2 MM, LARGURA = 2,45 M, ESPACAMENTO DA MALHA = 10 X 10 CM | C53: SINAPI | D53: 7155 | E53: =VLOOKUP(D53,'S03.25+C196+D10.24+F1024+S10.24'!$A$2:$D$20056,3, FALSE()) -> M2 | F53: 29.49 | G53: =VLOOKUP(D53,'S03.25+C196+D10.24+F1024+S10.24'!$A$2:$D$35656,4, FALSE()) -> 17.24 | H53: =ROUND(F53*G53,2) -> 508.41 | I53: =IF(L53="",$H$11,$H$10) -> 0.2637 | J53: =ROUND(G53*I53+G53,2) -> 21.79 | K53: =ROUND(F53*J53,2) -> 642.59 | M53: CONFORME DETALHE DO ENVELOPAMENTO E DESENHO MCQ
B54: SUB-TOTAL | H54: =SUM(H52:H53) -> 2327.95 | K54: =SUM(K52:K53) -> 2941.92
A55: 2.6 | B55: POÇOS DE VISITA
A56: 2.6.1 | B56: =VLOOKUP(D56,'S03.25+C196+D10.24+F1024+S10.24'!$A$2:$C$20056,2, FALSE()) -> TAMPAO FOFO SIMPLES COM BASE / REQUADRO, CLASSE D400 CARGA MAX. 40 T, REDONDO, TAMPA 600 MM (COM INSCRICAO EM RELEVO DO TIPO DE REDE) | C56: SINAPI | D56: 6240 | E56: =VLOOKUP(D56,'S03.25+C196+D10.24+F1024+S10.24'!$A$2:$D$20056,3, FALSE()) -> UN | F56: =F57 -> 1 | G56: =VLOOKUP(D56,'S03.25+C196+D10.24+F1024+S10.24'!$A$2:$D$35656,4, FALSE()) -> 569.33 | H56: =ROUND(F56*G56,2) -> 569.33 | I56: =IF(L56="",$H$11,$H$10) -> 0.2637 | J56: =ROUND(G56*I56+G56,2) -> 719.46 | K56: =ROUND(F56*J56,2) -> 719.46 | M56: TOTAL DE TAMPÕES
A57: 2.6.2 | B57: =VLOOKUP(D57,'S03.25+C196+D10.24+F1024+S10.24'!$A$2:$C$20056,2, FALSE()) -> BASE PARA POÇO DE VISITA RETANGULAR PARA DRENAGEM, EM ALVENARIA COM BLOCOS DE CONCRETO, DIMENSÕES INTERNAS = 1,5X1,5 M, PROFUNDIDADE = 1,40 M, EXCLUINDO TAMPÃO. AF_12/2020 | C57: SINAPI | D57: 99290 | E57: =VLOOKUP(D57,'S03.25+C196+D10.24+F1024+S10.24'!$A$2:$D$20056,3, FALSE()) -> UN | F57: 1 | G57: =VLOOKUP(D57,'S03.25+C196+D10.24+F1024+S10.24'!$A$2:$D$35656,4, FALSE()) -> 4010.61 | H57: =ROUND(F57*G57,2) -> 4010.61 | I57: =IF(L57="",$H$11,$H$10) -> 0.2637 | J57: =ROUND(G57*I57+G57,2) -> 5068.21 | K57: =ROUND(F57*J57,2) -> 5068.21 | M57: TOTAL DE POÇOS DE VISITA P/ DN1000
A58: 2.6.3 | B58: =VLOOKUP(D58,'S03.25+C196+D10.24+F1024+S10.24'!$A$2:$C$20056,2, FALSE()) -> ACRÉSCIMO PARA POÇO DE VISITA RETANGULAR PARA DRENAGEM, EM ALVENARIA COM BLOCOS DE CONCRETO, DIMENSÕES INTERNAS = 1,5X1,5 M. AF_12/2020 | C58: SINAPI | D58: 99241 | E58: =VLOOKUP(D58,'S03.25+C196+D10.24+F1024+S10.24'!$A$2:$D$20056,3, FALSE()) -> M | F58: =(3.5-1.4) -> 2.1 | G58: =VLOOKUP(D58,'S03.25+C196+D10.24+F1024+S10.24'!$A$2:$D$35656,4, FALSE()) -> 1875.41 | H58: =ROUND(F58*G58,2) -> 3938.36 | I58: =IF(L58="",$H$11,$H$10) -> 0.2637 | J58: =ROUND(G58*I58+G58,2) -> 2369.96 | K58: =ROUND(F58*J58,2) -> 4976.92 | M58: IGUAL À (SOMA DAS ALTURAS DE TODOS OS PVs) - (TOTAL DE PVs x ALTURA PADRÃO 1,40 m)
B59: SUB-TOTAL | H59: =SUM(H56:H58) -> 8518.3 | K59: =SUM(K56:K58) -> 10764.59
A60: 2.7 | B60: BOCAS DE LOBO
A61: 2.6.1 | B61: =VLOOKUP(D61,'S03.25+C196+D10.24+F1024+S10.24'!$A$2:$C$20056,2, FALSE()) -> Boca de lobo simples tipo PMSP com tampa de concreto | C61: CDHU | D61: 49.12.010 | E61: =VLOOKUP(D61,'S03.25+C196+D10.24+F1024+S10.24'!$A$2:$D$20056,3, FALSE()) -> UN | F61: 0 | G61: =VLOOKUP(D61,'S03.25+C196+D10.24+F1024+S10.24'!$A$2:$D$35656,4, FALSE()) -> 3435.05 | H61: =ROUND(F61*G61,2) -> 0 | I61: =IF(L61="",$H$11,$H$10) -> 0.2637 | J61: =ROUND(G61*I61+G61,2) -> 4340.87 | K61: =ROUND(F61*J61,2) -> 0 | M61: TOTAL DE BLs SIMPLES
A62: 2.6.2 | B62: =VLOOKUP(D62,'S03.25+C196+D10.24+F1024+S10.24'!$A$2:$C$20056,2, FALSE()) -> Boca de lobo dupla tipo PMSP com tampa de concreto | C62: CDHU | D62: 49.12.030 | E62: =VLOOKUP(D62,'S03.25+C196+D10.24+F1024+S10.24'!$A$2:$D$20056,3, FALSE()) -> UN | F62: 0 | G62: =VLOOKUP(D62,'S03.25+C196+D10.24+F1024+S10.24'!$A$2:$D$35656,4, FALSE()) -> 5598.6 | H62: =ROUND(F62*G62,2) -> 0 | I62: =IF(L62="",$H$11,$H$10) -> 0.2637 | J62: =ROUND(G62*I62+G62,2) -> 7074.95 | K62: =ROUND(F62*J62,2) -> 0 | M62: TOTAL DE BLs DUPLAS + TOTAL DE BLs QUADRUPLAS
A63: 2.6.3 | B63: =VLOOKUP(D63,'S03.25+C196+D10.24+F1024+S10.24'!$A$2:$C$20056,2, FALSE()) -> Boca de lobo tripla tipo PMSP com tampa de concreto | C63: CDHU | D63: 49.12.050 | E63: =VLOOKUP(D63,'S03.25+C196+D10.24+F1024+S10.24'!$A$2:$D$20056,3, FALSE()) -> UN | F63: 0 | G63: =VLOOKUP(D63,'S03.25+C196+D10.24+F1024+S10.24'!$A$2:$D$35656,4, FALSE()) -> 7701.37 | H63: =ROUND(F63*G63,2) -> 0 | I63: =IF(L63="",$H$11,$H$10) -> 0.2637 | J63: =ROUND(G63*I63+G63,2) -> 9732.22 | K63: =ROUND(F63*J63,2) -> 0 | M63: TOTAL DE BLs TRIPLAS
B64: SUB-TOTAL | H64: =SUM(H61:H63) -> 0 | K64: =SUM(K61:K63) -> 0
A65: 2.8 | B65: MURO ALA DE SAÍDA DN 800
A66: 2.8.1 | B66: =VLOOKUP(D66,'S03.25+C196+D10.24+F1024+S10.24'!$A$2:$C$20056,2, FALSE()) -> LASTRO DE CONCRETO MAGRO, APLICADO EM PISOS, LAJES SOBRE SOLO OU RADIERS. AF_01/2024 | C66: SINAPI | D66: 96620 | E66: =VLOOKUP(D66,'S03.25+C196+D10.24+F1024+S10.24'!$A$2:$D$20056,3, FALSE()) -> M3 | F66: 0.17 | G66: =VLOOKUP(D66,'S03.25+C196+D10.24+F1024+S10.24'!$A$2:$D$35656,4, FALSE()) -> 676.02 | H66: =ROUND(F66*G66,2) -> 114.92 | I66: =IF(L66="",$H$11,$H$10) -> 0.2637 | J66: =ROUND(G66*I66+G66,2) -> 854.29 | K66: =ROUND(F66*J66,2) -> 145.23 | M66: CONFORME QUANTITATIVOS NO DESENHO DE PROJETO
A67: 2.8.2 | B67: =VLOOKUP(D67,'S03.25+C196+D10.24+F1024+S10.24'!$A$2:$C$20056,2, FALSE()) -> CONCRETO FCK = 25MPA, TRAÇO 1:2,3:2,7 (EM MASSA SECA DE CIMENTO/ AREIA MÉDIA/ BRITA 1) - PREPARO MECÂNICO COM BETONEIRA 600 L. AF_05/2021 | C67: SINAPI | D67: 94971 | E67: =VLOOKUP(D67,'S03.25+C196+D10.24+F1024+S10.24'!$A$2:$D$20056,3, FALSE()) -> M3 | F67: 1.19 | G67: =VLOOKUP(D67,'S03.25+C196+D10.24+F1024+S10.24'!$A$2:$D$35656,4, FALSE()) -> 411.66 | H67: =ROUND(F67*G67,2) -> 489.88 | I67: =IF(L67="",$H$11,$H$10) -> 0.2637 | J67: =ROUND(G67*I67+G67,2) -> 520.21 | K67: =ROUND(F67*J67,2) -> 619.05 | M67: CONFORME QUANTITATIVOS NO DESENHO DE PROJETO
A68: 2.8.3 | B68: =VLOOKUP(D68,'S03.25+C196+D10.24+F1024+S10.24'!$A$2:$C$20056,2, FALSE()) -> ARMAÇÃO UTILIZANDO AÇO CA-25 DE 6,3 MM - MONTAGEM. AF_06/2022 | C68: SINAPI | D68: 92882 | E68: =VLOOKUP(D68,'S03.25+C196+D10.24+F1024+S10.24'!$A$2:$D$20056,3, FALSE()) -> KG | F68: 73 | G68: =VLOOKUP(D68,'S03.25+C196+D10.24+F1024+S10.24'!$A$2:$D$35656,4, FALSE()) -> 13.65 | H68: =ROUND(F68*G68,2) -> 996.45 | I68: =IF(L68="",$H$11,$H$10) -> 0.2637 | J68: =ROUND(G68*I68+G68,2) -> 17.25 | K68: =ROUND(F68*J68,2) -> 1259.25 | M68: CONFORME QUANTITATIVOS NO DESENHO DE PROJETO
A69: 2.8.4 | B69: =VLOOKUP(D69,'S03.25+C196+D10.24+F1024+S10.24'!$A$2:$C$20056,2, FALSE()) -> ARMAÇÃO UTILIZANDO AÇO CA-25 DE 8,0 MM - MONTAGEM. AF_06/2022 | C69: SINAPI | D69: 92883 | E69: =VLOOKUP(D69,'S03.25+C196+D10.24+F1024+S10.24'!$A$2:$D$20056,3, FALSE()) -> KG | F69: 0 | G69: =VLOOKUP(D69,'S03.25+C196+D10.24+F1024+S10.24'!$A$2:$D$35656,4, FALSE()) -> 12.34 | H69: =ROUND(F69*G69,2) -> 0 | I69: =IF(L69="",$H$11,$H$10) -> 0.2637 | J69: =ROUND(G69*I69+G69,2) -> 15.59 | K69: =ROUND(F69*J69,2) -> 0 | M69: CONFORME QUANTITATIVOS NO DESENHO DE PROJETO
A70: 2.8.5 | B70: =VLOOKUP(D70,'S03.25+C196+D10.24+F1024+S10.24'!$A$2:$C$20056,2, FALSE()) -> ARMAÇÃO UTILIZANDO AÇO CA-25 DE 10,0 MM - MONTAGEM. AF_06/2022 | C70: SINAPI | D70: 92884 | E70: =VLOOKUP(D70,'S03.25+C196+D10.24+F1024+S10.24'!$A$2:$D$20056,3, FALSE()) -> KG | F70: 33 | G70: =VLOOKUP(D70,'S03.25+C196+D10.24+F1024+S10.24'!$A$2:$D$35656,4, FALSE()) -> 12.31 | H70: =ROUND(F70*G70,2) -> 406.23 | I70: =IF(L70="",$H$11,$H$10) -> 0.2637 | J70: =ROUND(G70*I70+G70,2) -> 15.56 | K70: =ROUND(F70*J70,2) -> 513.48 | M70: CONFORME QUANTITATIVOS NO DESENHO DE PROJETO
A71: 2.8.6 | B71: =VLOOKUP(D71,'S03.25+C196+D10.24+F1024+S10.24'!$A$2:$C$20056,2, FALSE()) -> ARMAÇÃO UTILIZANDO AÇO CA-25 DE 12,5 MM - MONTAGEM. AF_06/2022 | C71: SINAPI | D71: 92885 | E71: =VLOOKUP(D71,'S03.25+C196+D10.24+F1024+S10.24'!$A$2:$D$20056,3, FALSE()) -> KG | F71: 0 | G71: =VLOOKUP(D71,'S03.25+C196+D10.24+F1024+S10.24'!$A$2:$D$35656,4, FALSE()) -> 11.55 | H71: =ROUND(F71*G71,2) -> 0 | I71: =IF(L71="",$H$11,$H$10) -> 0.2637 | J71: =ROUND(G71*I71+G71,2) -> 14.6 | K71: =ROUND(F71*J71,2) -> 0 | M71: CONFORME QUANTITATIVOS NO DESENHO DE PROJETO
A72: 2.8.7 | B72: =VLOOKUP(D72,'S03.25+C196+D10.24+F1024+S10.24'!$A$2:$C$20056,2, FALSE()) -> ARMAÇÃO UTILIZANDO AÇO CA-25 DE 16,0 MM - MONTAGEM. AF_06/2022 | C72: SINAPI | D72: 92886 | E72: =VLOOKUP(D72,'S03.25+C196+D10.24+F1024+S10.24'!$A$2:$D$20056,3, FALSE()) -> KG | F72: 0 | G72: =VLOOKUP(D72,'S03.25+C196+D10.24+F1024+S10.24'!$A$2:$D$35656,4, FALSE()) -> 10.94 | H72: =ROUND(F72*G72,2) -> 0 | I72: =IF(L72="",$H$11,$H$10) -> 0.2637 | J72: =ROUND(G72*I72+G72,2) -> 13.82 | K72: =ROUND(F72*J72,2) -> 0 | M72: CONFORME QUANTITATIVOS NO DESENHO DE PROJETO
A73: 2.8.8 | B73: =VLOOKUP(D73,'S03.25+C196+D10.24+F1024+S10.24'!$A$2:$C$20056,2, FALSE()) -> FABRICAÇÃO, MONTAGEM E DESMONTAGEM DE FÔRMA PARA BOCA PARA BUEIRO, EM CHAPA DE MADEIRA COMPENSADA RESINADA, E = 17 MM, 2 UTILIZAÇÕES. AF_07/2021 | C73: SINAPI | D73: 102727 | E73: =VLOOKUP(D73,'S03.25+C196+D10.24+F1024+S10.24'!$A$2:$D$20056,3, FALSE()) -> M2 | F73: 9.78 | G73: =VLOOKUP(D73,'S03.25+C196+D10.24+F1024+S10.24'!$A$2:$D$35656,4, FALSE()) -> 96.83 | H73: =ROUND(F73*G73,2) -> 947 | I73: =IF(L73="",$H$11,$H$10) -> 0.2637 | J73: =ROUND(G73*I73+G73,2) -> 122.36 | K73: =ROUND(F73*J73,2) -> 1196.68 | M73: CONFORME QUANTITATIVOS NO DESENHO DE PROJETO
B74: SUB-TOTAL | H74: =SUM(H66:H73) -> 2954.48 | K74: =SUM(K66:K73) -> 3733.69
A75: 2.9 | B75: MURO ALA DE SAÍDA DN 1000
A76: 2.9.1 | B76: =VLOOKUP(D76,'S03.25+C196+D10.24+F1024+S10.24'!$A$2:$C$20056,2, FALSE()) -> LASTRO DE CONCRETO MAGRO, APLICADO EM PISOS, LAJES SOBRE SOLO OU RADIERS. AF_01/2024 | C76: SINAPI | D76: 96620 | E76: =VLOOKUP(D76,'S03.25+C196+D10.24+F1024+S10.24'!$A$2:$D$20056,3, FALSE()) -> M3 | F76: =0.25 -> 0.25 | G76: =VLOOKUP(D76,'S03.25+C196+D10.24+F1024+S10.24'!$A$2:$D$35656,4, FALSE()) -> 676.02 | H76: =ROUND(F76*G76,2) -> 169.01 | I76: =IF(L76="",$H$11,$H$10) -> 0.2637 | J76: =ROUND(G76*I76+G76,2) -> 854.29 | K76: =ROUND(F76*J76,2) -> 213.57 | M76: CONFORME QUANTITATIVOS NO DESENHO DE PROJETO
A77: 2.9.2 | B77: =VLOOKUP(D77,'S03.25+C196+D10.24+F1024+S10.24'!$A$2:$C$20056,2, FALSE()) -> CONCRETO FCK = 25MPA, TRAÇO 1:2,3:2,7 (EM MASSA SECA DE CIMENTO/ AREIA MÉDIA/ BRITA 1) - PREPARO MECÂNICO COM BETONEIRA 600 L. AF_05/2021 | C77: SINAPI | D77: 94971 | E77: =VLOOKUP(D77,'S03.25+C196+D10.24+F1024+S10.24'!$A$2:$D$20056,3, FALSE()) -> M3 | F77: =2.33 -> 2.33 | G77: =VLOOKUP(D77,'S03.25+C196+D10.24+F1024+S10.24'!$A$2:$D$35656,4, FALSE()) -> 411.66 | H77: =ROUND(F77*G77,2) -> 959.17 | I77: =IF(L77="",$H$11,$H$10) -> 0.2637 | J77: =ROUND(G77*I77+G77,2) -> 520.21 | K77: =ROUND(F77*J77,2) -> 1212.09 | M77: CONFORME QUANTITATIVOS NO DESENHO DE PROJETO
A78: 2.9.3 | B78: =VLOOKUP(D78,'S03.25+C196+D10.24+F1024+S10.24'!$A$2:$C$20056,2, FALSE()) -> ARMAÇÃO UTILIZANDO AÇO CA-25 DE 6,3 MM - MONTAGEM. AF_06/2022 | C78: SINAPI | D78: 92882 | E78: =VLOOKUP(D78,'S03.25+C196+D10.24+F1024+S10.24'!$A$2:$D$20056,3, FALSE()) -> KG | F78: 0 | G78: =VLOOKUP(D78,'S03.25+C196+D10.24+F1024+S10.24'!$A$2:$D$35656,4, FALSE()) -> 13.65 | H78: =ROUND(F78*G78,2) -> 0 | I78: =IF(L78="",$H$11,$H$10) -> 0.2637 | J78: =ROUND(G78*I78+G78,2) -> 17.25 | K78: =ROUND(F78*J78,2) -> 0 | M78: CONFORME QUANTITATIVOS NO DESENHO DE PROJETO
A79: 2.9.4 | B79: =VLOOKUP(D79,'S03.25+C196+D10.24+F1024+S10.24'!$A$2:$C$20056,2, FALSE()) -> ARMAÇÃO UTILIZANDO AÇO CA-25 DE 8,0 MM - MONTAGEM. AF_06/2022 | C79: SINAPI | D79: 92883 | E79: =VLOOKUP(D79,'S03.25+C196+D10.24+F1024+S10.24'!$A$2:$D$20056,3, FALSE()) -> KG | F79: =176 -> 176 | G79: =VLOOKUP(D79,'S03.25+C196+D10.24+F1024+S10.24'!$A$2:$D$35656,4, FALSE()) -> 12.34 | H79: =ROUND(F79*G79,2) -> 2171.84 | I79: =IF(L79="",$H$11,$H$10) -> 0.2637 | J79: =ROUND(G79*I79+G79,2) -> 15.59 | K79: =ROUND(F79*J79,2) -> 2743.84 | M79: CONFORME QUANTITATIVOS NO DESENHO DE PROJETO
A80: 2.9.5 | B80: =VLOOKUP(D80,'S03.25+C196+D10.24+F1024+S10.24'!$A$2:$C$20056,2, FALSE()) -> ARMAÇÃO UTILIZANDO AÇO CA-25 DE 10,0 MM - MONTAGEM. AF_06/2022 | C80: SINAPI | D80: 92884 | E80: =VLOOKUP(D80,'S03.25+C196+D10.24+F1024+S10.24'!$A$2:$D$20056,3, FALSE()) -> KG | F80: =26 -> 26 | G80: =VLOOKUP(D80,'S03.25+C196+D10.24+F1024+S10.24'!$A$2:$D$35656,4, FALSE()) -> 12.31 | H80: =ROUND(F80*G80,2) -> 320.06 | I80: =IF(L80="",$H$11,$H$10) -> 0.2637 | J80: =ROUND(G80*I80+G80,2) -> 15.56 | K80: =ROUND(F80*J80,2) -> 404.56 | M80: CONFORME QUANTITATIVOS NO DESENHO DE PROJETO
A81: 2.9.6 | B81: =VLOOKUP(D81,'S03.25+C196+D10.24+F1024+S10.24'!$A$2:$C$20056,2, FALSE()) -> ARMAÇÃO UTILIZANDO AÇO CA-25 DE 12,5 MM - MONTAGEM. AF_06/2022 | C81: SINAPI | D81: 92885 | E81: =VLOOKUP(D81,'S03.25+C196+D10.24+F1024+S10.24'!$A$2:$D$20056,3, FALSE()) -> KG | F81: =26 -> 26 | G81: =VLOOKUP(D81,'S03.25+C196+D10.24+F1024+S10.24'!$A$2:$D$35656,4, FALSE()) -> 11.55 | H81: =ROUND(F81*G81,2) -> 300.3 | I81: =IF(L81="",$H$11,$H$10) -> 0.2637 | J81: =ROUND(G81*I81+G81,2) -> 14.6 | K81: =ROUND(F81*J81,2) -> 379.6 | M81: CONFORME QUANTITATIVOS NO DESENHO DE PROJETO
A82: 2.9.7 | B82: =VLOOKUP(D82,'S03.25+C196+D10.24+F1024+S10.24'!$A$2:$C$20056,2, FALSE()) -> ARMAÇÃO UTILIZANDO AÇO CA-25 DE 16,0 MM - MONTAGEM. AF_06/2022 | C82: SINAPI | D82: 92886 | E82: =VLOOKUP(D82,'S03.25+C196+D10.24+F1024+S10.24'!$A$2:$D$20056,3, FALSE()) -> KG | F82: 0 | G82: =VLOOKUP(D82,'S03.25+C196+D10.24+F1024+S10.24'!$A$2:$D$35656,4, FALSE()) -> 10.94 | H82: =ROUND(F82*G82,2) -> 0 | I82: =IF(L82="",$H$11,$H$10) -> 0.2637 | J82: =ROUND(G82*I82+G82,2) -> 13.82 | K82: =ROUND(F82*J82,2) -> 0 | M82: CONFORME QUANTITATIVOS NO DESENHO DE PROJETO
A83: 2.9.8 | B83: =VLOOKUP(D83,'S03.25+C196+D10.24+F1024+S10.24'!$A$2:$C$20056,2, FALSE()) -> FABRICAÇÃO, MONTAGEM E DESMONTAGEM DE FÔRMA PARA BOCA PARA BUEIRO, EM CHAPA DE MADEIRA COMPENSADA RESINADA, E = 17 MM, 2 UTILIZAÇÕES. AF_07/2021 | C83: SINAPI | D83: 102727 | E83: =VLOOKUP(D83,'S03.25+C196+D10.24+F1024+S10.24'!$A$2:$D$20056,3, FALSE()) -> M2 | F83: =15.18 -> 15.18 | G83: =VLOOKUP(D83,'S03.25+C196+D10.24+F1024+S10.24'!$A$2:$D$35656,4, FALSE()) -> 96.83 | H83: =ROUND(F83*G83,2) -> 1469.88 | I83: =IF(L83="",$H$11,$H$10) -> 0.2637 | J83: =ROUND(G83*I83+G83,2) -> 122.36 | K83: =ROUND(F83*J83,2) -> 1857.42 | M83: CONFORME QUANTITATIVOS NO DESENHO DE PROJETO
B84: SUB-TOTAL | H84: =SUM(H76:H83) -> 5390.26 | K84: =SUM(K76:K83) -> 6811.08
A85: 2.10 | B85: MURO ALA DE ENTRADA DN 1200
A86: 2.10.1 | B86: =VLOOKUP(D86,'S03.25+C196+D10.24+F1024+S10.24'!$A$2:$C$20056,2, FALSE()) -> LASTRO DE CONCRETO MAGRO, APLICADO EM PISOS, LAJES SOBRE SOLO OU RADIERS. AF_01/2024 | C86: SINAPI | D86: 96620 | E86: =VLOOKUP(D86,'S03.25+C196+D10.24+F1024+S10.24'!$A$2:$D$20056,3, FALSE()) -> M3 | F86: 0.32 | G86: =VLOOKUP(D86,'S03.25+C196+D10.24+F1024+S10.24'!$A$2:$D$35656,4, FALSE()) -> 676.02 | H86: =ROUND(F86*G86,2) -> 216.33 | I86: =IF(L86="",$H$11,$H$10) -> 0.2637 | J86: =ROUND(G86*I86+G86,2) -> 854.29 | K86: =ROUND(F86*J86,2) -> 273.37 | M86: CONFORME QUANTITATIVOS NO DESENHO DE PROJETO
A87: 2.10.2 | B87: =VLOOKUP(D87,'S03.25+C196+D10.24+F1024+S10.24'!$A$2:$C$20056,2, FALSE()) -> CONCRETO FCK = 25MPA, TRAÇO 1:2,3:2,7 (EM MASSA SECA DE CIMENTO/ AREIA MÉDIA/ BRITA 1) - PREPARO MECÂNICO COM BETONEIRA 600 L. AF_05/2021 | C87: SINAPI | D87: 94971 | E87: =VLOOKUP(D87,'S03.25+C196+D10.24+F1024+S10.24'!$A$2:$D$20056,3, FALSE()) -> M3 | F87: 3.07 | G87: =VLOOKUP(D87,'S03.25+C196+D10.24+F1024+S10.24'!$A$2:$D$35656,4, FALSE()) -> 411.66 | H87: =ROUND(F87*G87,2) -> 1263.8 | I87: =IF(L87="",$H$11,$H$10) -> 0.2637 | J87: =ROUND(G87*I87+G87,2) -> 520.21 | K87: =ROUND(F87*J87,2) -> 1597.04 | M87: CONFORME QUANTITATIVOS NO DESENHO DE PROJETO
A88: 2.10.3 | B88: =VLOOKUP(D88,'S03.25+C196+D10.24+F1024+S10.24'!$A$2:$C$20056,2, FALSE()) -> ARMAÇÃO UTILIZANDO AÇO CA-25 DE 6,3 MM - MONTAGEM. AF_06/2022 | C88: SINAPI | D88: 92882 | E88: =VLOOKUP(D88,'S03.25+C196+D10.24+F1024+S10.24'!$A$2:$D$20056,3, FALSE()) -> KG | F88: 222 | G88: =VLOOKUP(D88,'S03.25+C196+D10.24+F1024+S10.24'!$A$2:$D$35656,4, FALSE()) -> 13.65 | H88: =ROUND(F88*G88,2) -> 3030.3 | I88: =IF(L88="",$H$11,$H$10) -> 0.2637 | J88: =ROUND(G88*I88+G88,2) -> 17.25 | K88: =ROUND(F88*J88,2) -> 3829.5 | M88: CONFORME QUANTITATIVOS NO DESENHO DE PROJETO
A89: 2.10.4 | B89: =VLOOKUP(D89,'S03.25+C196+D10.24+F1024+S10.24'!$A$2:$C$20056,2, FALSE()) -> ARMAÇÃO UTILIZANDO AÇO CA-25 DE 8,0 MM - MONTAGEM. AF_06/2022 | C89: SINAPI | D89: 92883 | E89: =VLOOKUP(D89,'S03.25+C196+D10.24+F1024+S10.24'!$A$2:$D$20056,3, FALSE()) -> KG | F89: 0 | G89: =VLOOKUP(D89,'S03.25+C196+D10.24+F1024+S10.24'!$A$2:$D$35656,4, FALSE()) -> 12.34 | H89: =ROUND(F89*G89,2) -> 0 | I89: =IF(L89="",$H$11,$H$10) -> 0.2637 | J89: =ROUND(G89*I89+G89,2) -> 15.59 | K89: =ROUND(F89*J89,2) -> 0 | M89: CONFORME QUANTITATIVOS NO DESENHO DE PROJETO
A90: 2.10.5 | B90: =VLOOKUP(D90,'S03.25+C196+D10.24+F1024+S10.24'!$A$2:$C$20056,2, FALSE()) -> ARMAÇÃO UTILIZANDO AÇO CA-25 DE 10,0 MM - MONTAGEM. AF_06/2022 | C90: SINAPI | D90: 92884 | E90: =VLOOKUP(D90,'S03.25+C196+D10.24+F1024+S10.24'!$A$2:$D$20056,3, FALSE()) -> KG | F90: 29 | G90: =VLOOKUP(D90,'S03.25+C196+D10.24+F1024+S10.24'!$A$2:$D$35656,4, FALSE()) -> 12.31 | H90: =ROUND(F90*G90,2) -> 356.99 | I90: =IF(L90="",$H$11,$H$10) -> 0.2637 | J90: =ROUND(G90*I90+G90,2) -> 15.56 | K90: =ROUND(F90*J90,2) -> 451.24 | M90: CONFORME QUANTITATIVOS NO DESENHO DE PROJETO
A91: 2.10.6 | B91: =VLOOKUP(D91,'S03.25+C196+D10.24+F1024+S10.24'!$A$2:$C$20056,2, FALSE()) -> ARMAÇÃO UTILIZANDO AÇO CA-25 DE 12,5 MM - MONTAGEM. AF_06/2022 | C91: SINAPI | D91: 92885 | E91: =VLOOKUP(D91,'S03.25+C196+D10.24+F1024+S10.24'!$A$2:$D$20056,3, FALSE()) -> KG | F91: 28 | G91: =VLOOKUP(D91,'S03.25+C196+D10.24+F1024+S10.24'!$A$2:$D$35656,4, FALSE()) -> 11.55 | H91: =ROUND(F91*G91,2) -> 323.4 | I91: =IF(L91="",$H$11,$H$10) -> 0.2637 | J91: =ROUND(G91*I91+G91,2) -> 14.6 | K91: =ROUND(F91*J91,2) -> 408.8 | M91: CONFORME QUANTITATIVOS NO DESENHO DE PROJETO
A92: 2.10.7 | B92: =VLOOKUP(D92,'S03.25+C196+D10.24+F1024+S10.24'!$A$2:$C$20056,2, FALSE()) -> ARMAÇÃO UTILIZANDO AÇO CA-25 DE 16,0 MM - MONTAGEM. AF_06/2022 | C92: SINAPI | D92: 92886 | E92: =VLOOKUP(D92,'S03.25+C196+D10.24+F1024+S10.24'!$A$2:$D$20056,3, FALSE()) -> KG | F92: 0 | G92: =VLOOKUP(D92,'S03.25+C196+D10.24+F1024+S10.24'!$A$2:$D$35656,4, FALSE()) -> 10.94 | H92: =ROUND(F92*G92,2) -> 0 | I92: =IF(L92="",$H$11,$H$10) -> 0.2637 | J92: =ROUND(G92*I92+G92,2) -> 13.82 | K92: =ROUND(F92*J92,2) -> 0 | M92: CONFORME QUANTITATIVOS NO DESENHO DE PROJETO
A93: 2.10.8 | B93: =VLOOKUP(D93,'S03.25+C196+D10.24+F1024+S10.24'!$A$2:$C$20056,2, FALSE()) -> FABRICAÇÃO, MONTAGEM E DESMONTAGEM DE FÔRMA PARA BOCA PARA BUEIRO, EM CHAPA DE MADEIRA COMPENSADA RESINADA, E = 17 MM, 2 UTILIZAÇÕES. AF_07/2021 | C93: SINAPI | D93: 102727 | E93: =VLOOKUP(D93,'S03.25+C196+D10.24+F1024+S10.24'!$A$2:$D$20056,3, FALSE()) -> M2 | F93: 19.72 | G93: =VLOOKUP(D93,'S03.25+C196+D10.24+F1024+S10.24'!$A$2:$D$35656,4, FALSE()) -> 96.83 | H93: =ROUND(F93*G93,2) -> 1909.49 | I93: =IF(L93="",$H$11,$H$10) -> 0.2637 | J93: =ROUND(G93*I93+G93,2) -> 122.36 | K93: =ROUND(F93*J93,2) -> 2412.94 | M93: CONFORME QUANTITATIVOS NO DESENHO DE PROJETO
B94: SUB-TOTAL | H94: =SUM(H86:H93) -> 7100.31 | K94: =SUM(K86:K93) -> 8972.89
A95: 2.13 | B95: DISSIPADOR DE ENERGIA DN 1200
A96: 2.13.1 | B96: =VLOOKUP(D96,'S03.25+C196+D10.24+F1024+S10.24'!$A$2:$C$20056,2, FALSE()) -> LASTRO DE CONCRETO MAGRO, APLICADO EM PISOS, LAJES SOBRE SOLO OU RADIERS. AF_01/2024 | C96: SINAPI | D96: 96620 | E96: =VLOOKUP(D96,'S03.25+C196+D10.24+F1024+S10.24'!$A$2:$D$20056,3, FALSE()) -> M3 | F96: =0.62 -> 0.62 | G96: =VLOOKUP(D96,'S03.25+C196+D10.24+F1024+S10.24'!$A$2:$D$35656,4, FALSE()) -> 676.02 | H96: =ROUND(F96*G96,2) -> 419.13 | I96: =IF(L96="",$H$11,$H$10) -> 0.2637 | J96: =ROUND(G96*I96+G96,2) -> 854.29 | K96: =ROUND(F96*J96,2) -> 529.66 | M96: CONFORME QUANTITATIVOS NO DESENHO DE PROJETO
A97: 2.13.2 | B97: =VLOOKUP(D97,'S03.25+C196+D10.24+F1024+S10.24'!$A$2:$C$20056,2, FALSE()) -> CONCRETO FCK = 25MPA, TRAÇO 1:2,3:2,7 (EM MASSA SECA DE CIMENTO/ AREIA MÉDIA/ BRITA 1) - PREPARO MECÂNICO COM BETONEIRA 600 L. AF_05/2021 | C97: SINAPI | D97: 94971 | E97: =VLOOKUP(D97,'S03.25+C196+D10.24+F1024+S10.24'!$A$2:$D$20056,3, FALSE()) -> M3 | F97: =3.38 -> 3.38 | G97: =VLOOKUP(D97,'S03.25+C196+D10.24+F1024+S10.24'!$A$2:$D$35656,4, FALSE()) -> 411.66 | H97: =ROUND(F97*G97,2) -> 1391.41 | I97: =IF(L97="",$H$11,$H$10) -> 0.2637 | J97: =ROUND(G97*I97+G97,2) -> 520.21 | K97: =ROUND(F97*J97,2) -> 1758.31 | M97: CONFORME QUANTITATIVOS NO DESENHO DE PROJETO
A98: 2.13.3 | B98: =VLOOKUP(D98,'S03.25+C196+D10.24+F1024+S10.24'!$A$2:$C$20056,2, FALSE()) -> ARMAÇÃO UTILIZANDO AÇO CA-25 DE 6,3 MM - MONTAGEM. AF_06/2022 | C98: SINAPI | D98: 92882 | E98: =VLOOKUP(D98,'S03.25+C196+D10.24+F1024+S10.24'!$A$2:$D$20056,3, FALSE()) -> KG | F98: 0 | G98: =VLOOKUP(D98,'S03.25+C196+D10.24+F1024+S10.24'!$A$2:$D$35656,4, FALSE()) -> 13.65 | H98: =ROUND(F98*G98,2) -> 0 | I98: =IF(L98="",$H$11,$H$10) -> 0.2637 | J98: =ROUND(G98*I98+G98,2) -> 17.25 | K98: =ROUND(F98*J98,2) -> 0 | M98: CONFORME QUANTITATIVOS NO DESENHO DE PROJETO
A99: 2.13.4 | B99: =VLOOKUP(D99,'S03.25+C196+D10.24+F1024+S10.24'!$A$2:$C$20056,2, FALSE()) -> ARMAÇÃO UTILIZANDO AÇO CA-25 DE 8,0 MM - MONTAGEM. AF_06/2022 | C99: SINAPI | D99: 92883 | E99: =VLOOKUP(D99,'S03.25+C196+D10.24+F1024+S10.24'!$A$2:$D$20056,3, FALSE()) -> KG | F99: =204 -> 204 | G99: =VLOOKUP(D99,'S03.25+C196+D10.24+F1024+S10.24'!$A$2:$D$35656,4, FALSE()) -> 12.34 | H99: =ROUND(F99*G99,2) -> 2517.36 | I99: =IF(L99="",$H$11,$H$10) -> 0.2637 | J99: =ROUND(G99*I99+G99,2) -> 15.59 | K99: =ROUND(F99*J99,2) -> 3180.36 | M99: CONFORME QUANTITATIVOS NO DESENHO DE PROJETO
A100: 2.13.5 | B100: =VLOOKUP(D100,'S03.25+C196+D10.24+F1024+S10.24'!$A$2:$C$20056,2, FALSE()) -> ARMAÇÃO UTILIZANDO AÇO CA-25 DE 10,0 MM - MONTAGEM. AF_06/2022 | C100: SINAPI | D100: 92884 | E100: =VLOOKUP(D100,'S03.25+C196+D10.24+F1024+S10.24'!$A$2:$D$20056,3, FALSE()) -> KG | F100: =38 -> 38 | G100: =VLOOKUP(D100,'S03.25+C196+D10.24+F1024+S10.24'!$A$2:$D$35656,4, FALSE()) -> 12.31 | H100: =ROUND(F100*G100,2) -> 467.78 | I100: =IF(L100="",$H$11,$H$10) -> 0.2637 | J100: =ROUND(G100*I100+G100,2) -> 15.56 | K100: =ROUND(F100*J100,2) -> 591.28 | M100: CONFORME QUANTITATIVOS NO DESENHO DE PROJETO
...

Sheet CFF BVI
A1: CRONOGRAMA FÍSICO-FINANCEIRO - DDRENAGEM BAIRRO JARDIM BOA VISTA - SERTÃOZINHO/SP | L1: X
A2: Município de Sertãozinho/SP
A3: Objeto: | B3: ='ORC BVI'!B3 -> EXECUÇÃO DE GALERIAS DE BACIA DE DETENÇÃO E GALERIAS DE ÁGUAS PLUVIAIS NO BAIRRO BOA VISTA
A4: Local: | B4: ='ORC BVI'!B4 -> BAIRRO ANÉLIO CELINE - SERTÃOZINHO, SP
A5: ITEM | H5: c/ BDI | L5: X
A6: 1 | B6: ='ORC BVI'!$B$6 -> SERVIÇOS PRELIMINARES | H6: ='ORC BVI'!$K$6 -> 37490.5 | L6: X | R6: ADM | S6: =#REF!/K9 -> #REF! | T6: <3%
A7: 2 | B7: ='ORC BVI'!$B$7 -> VERTEDORES E GALERIAS DE DRENAGEM DE ÁGUAS PLUVIAIS NO BAIRRO BOA VISTA | H7: ='ORC BVI'!$K$7 -> 182190.68
A8: ='ORC BVI'!A8 -> 3 | B8: ='ORC BVI'!B8 -> BACIA DE DETENÇÃO DE CHEIAS NO BAIRRO BOA VISTA | H8: ='ORC BVI'!K8 -> 290044.99
B9: TOTAL DA OBRA | H9: =SUM(H6:H8) -> 509726.17 | L9: X | O9: 6 | P9: KM
A10: ='ORC BVI'!A10 -> DATA BASE: SINAPI abril/2025 COM DESONERAÇÃO | G10: BDI - MATERIAL | H10: ='BDI BVI'!C36 -> 0.15278048 | L10: X | O10: 25 | P10: KM
G11: BDI - SERVIÇOS | H11: ='BDI BVI'!C18 -> 0.24777638 | L11: X | O11: 8 | P11: KM | S11: =#REF!*2.5% -> #REF!
A12: ITEM | B12: DESCRIÇÃO | C12: PREÇO TOTAL C/ BDI (R$) | D12: PRAZO DE EXECUÇÃO (MESES) | E12: MÊS 1 | F12: MÊS 2 | G12: MÊS 3 | H12: MÊS 4 | L12: X | M12: INSUMO OU SERVIÇO | P12: =IF(N12<0.04,"ok","ALERTA") -> ok | S12: =S11/1.294 -> #REF!
A13: 1 | B13: ='ORC BVI'!B13 -> SERVIÇOS PRELIMINARES
A14: 1.1 | B14: ='ORC BVI'!B14 -> GERAL | C14: ='ORC BVI'!K19 -> 16239.24 | D14: 2 | E14: =C14/D14 -> 8119.62 | H14: =E14 -> 8119.62 | X14: =SUM(E14:W14) -> 16239.24 | Y14: =X14-C14 -> 0
A15: 1.2 | B15: ='ORC BVI'!B20 -> LOCAÇÃO DE OBRA | C15: ='ORC BVI'!K22 -> 168.3 | D15: 1 | E15: =C15/D15 -> 168.3 | X15: =SUM(E15:W15) -> 168.3 | Y15: =X15-C15 -> 0
A16: 1.3 | B16: ='ORC BVI'!B23 -> DEMOLICAO E RECOMPOSIÇÃO DA PAVIMENTACAO ASFALTICA | C16: ='ORC BVI'!K31 -> 21082.96 | D16: 3 | E16: =C16/D16 -> 7027.6533 | F16: =E16 -> 7027.6533 | G16: =F16 -> 7027.6533 | X16: =SUM(E16:W16) -> 21082.96 | Y16: =X16-C16 -> 0
A17: 2 | B17: ='ORC BVI'!B32 -> VERTEDORES E GALERIAS DE DRENAGEM DE ÁGUAS PLUVIAIS NO BAIRRO BOA VISTA | X17: =SUM(E17:W17) -> 0 | Y17: =X17-C17 -> 0
A18: 2.1 | B18: ='ORC BVI'!B33 -> MOVIMENTO DE TERRA | C18: ='ORC BVI'!K39 -> 19677.02 | D18: 3 | E18: =C18/D18 -> 6559.0067 | F18: =E18 -> 6559.0067 | G18: =F18 -> 6559.0067 | X18: =SUM(E18:W18) -> 19677.02 | Y18: =X18-C18 -> 0
A19: 2.2 | B19: ='ORC BVI'!B40 -> ESGOTAMENTO / EMBASAMENTO | C19: ='ORC BVI'!K43 -> 27683.04 | D19: 4 | E19: =C19/D19 -> 6920.76 | F19: =E19 -> 6920.76 | G19: =F19 -> 6920.76 | H19: =G19 -> 6920.76 | X19: =SUM(E19:W19) -> 27683.04 | Y19: =X19-C19 -> 0
A20: 2.3 | B20: ='ORC BVI'!B44 -> ESCORAMENTO | C20: ='ORC BVI'!K46 -> 25151.74 | D20: 4 | E20: =C20/D20 -> 6287.935 | F20: =E20 -> 6287.935 | G20: =F20 -> 6287.935 | H20: =G20 -> 6287.935 | X20: =SUM(E20:W20) -> 25151.74 | Y20: =X20-C20 -> 0
A21: 2.4 | B21: ='ORC BVI'!B47 -> HIDRÁULICA | C21: ='ORC BVI'!K51 -> 69171.02 | D21: 3 | E21: =C21/D21 -> 23057.007 | F21: =E21 -> 23057.007 | G21: =F21 -> 23057.007 | X21: =SUM(E21:W21) -> 69171.02 | Y21: =X21-C21 -> 0
A22: 2.5 | B22: ='ORC BVI'!B52 -> ENVELOPAMENTO DA TUBULAÇÃO | C22: ='ORC BVI'!K55 -> 2941.92 | D22: 3 | E22: =C22/D22 -> 980.64 | F22: =E22 -> 980.64 | G22: =F22 -> 980.64 | X22: =SUM(E22:W22) -> 2941.92 | Y22: =X22-C22 -> 0
A23: 2.6 | B23: ='ORC BVI'!B56 -> POÇOS DE VISITA | C23: ='ORC BVI'!K60 -> 10701.44 | D23: 2 | G23: =C23/D23 -> 5350.72 | H23: =C23/D23 -> 5350.72 | X23: =SUM(E23:W23) -> 10701.44 | Y23: =X23-C23 -> 0
A24: 2.7 | B24: ='ORC BVI'!B61 -> BOCAS DE LOBO | C24: ='ORC BVI'!K65 -> 0 | D24: 2 | G24: =C24/D24 -> 0 | H24: =C24/D24 -> 0 | X24: =SUM(E24:W24) -> 0 | Y24: =X24-C24 -> 0
A25: 2.8 | B25: ='ORC BVI'!B66 -> MURO ALA DE SAÍDA DN 800 | C25: ='ORC BVI'!K75 -> 3733.69 | D25: 1 | H25: =C25/D25 -> 3733.69 | X25: =SUM(E25:W25) -> 3733.69 | Y25: =X25-C25 -> 0
A26: 2.9 | B26: ='ORC BVI'!B76 -> MURO ALA DE SAÍDA DN 1000 | C26: ='ORC BVI'!K85 -> 6811.08 | D26: 1 | H26: =C26/D26 -> 6811.08 | X26: =SUM(E26:W26) -> 6811.08 | Y26: =X26-C26 -> 0
A27: 2.10 | B27: ='ORC BVI'!B86 -> MURO ALA DE SAÍDA DN 1200 | C27: ='ORC BVI'!K95 -> 8972.89 | D27: 1 | H27: =C27/D27 -> 8972.89 | X27: =SUM(E27:W27) -> 8972.89 | Y27: =X27-C27 -> 0
A28: 2.13 | B28: ='ORC BVI'!B96 -> DISSIPADOR DE ENERGIA DN 1200 | C28: ='ORC BVI'!K105 -> 7346.84 | D28: 1 | H28: =C28/D28 -> 7346.84 | X28: =SUM(E28:W28) -> 7346.84 | Y28: =X28-C28 -> 0
A29: ='ORC BVI'!A106 -> 3 | B29: ='ORC BVI'!B106 -> BACIA DE DETENÇÃO DE CHEIAS NO BAIRRO BOA VISTA | X29: =SUM(E29:W29) -> 0 | Y29: =X29-C29 -> 0
A30: 3.1 | B30: ='ORC BVI'!B107 -> LOCAÇÃO E LIMPEZA | C30: ='ORC BVI'!K111 -> 16731.07 | D30: 1 | E30: =C30/D30 -> 16731.07 | X30: =SUM(E30:W30) -> 16731.07 | Y30: =X30-C30 -> 0
A31: 3.2 | B31: ='ORC BVI'!B112 -> MOVIMENTO DE TERRA | C31: ='ORC BVI'!K117 -> 188041.09 | D31: 4 | E31: =C31/D31 -> 47010.272 | F31: =E31 -> 47010.272 | G31: =F31 -> 47010.272 | H31: =G31 -> 47010.272 | X31: =SUM(E31:W31) -> 188041.09 | Y31: =X31-C31 -> 0
A32: 3.3 | B32: ='ORC BVI'!B118 -> ACESSO PARA MANUTENÇÃO E LIMPEZA | C32: ='ORC BVI'!K123 -> 28547.59 | D32: 2 | E32: =C32/D32 -> 14273.795 | H32: =E32 -> 14273.795 | X32: =SUM(E32:W32) -> 28547.59 | Y32: =X32-C32 -> 0
A33: 3.4 | B33: ='ORC BVI'!B124 -> PLANTIO DE GRAMA | C33: ='ORC BVI'!K126 -> 56725.24 | D33: 1 | H33: =C33/D33 -> 56725.24 | X33: =SUM(E33:W33) -> 56725.24 | Y33: =X33-C33 -> 0
B34: TOTAL MENSAL (R$) | E34: =SUM(E14:E33) -> 137136.06 | F34: =SUM(F14:F33) -> 97843.274 | G34: =SUM(G14:G33) -> 103193.99 | H34: =SUM(H14:W33) -> 171552.84 | I34: =SUM(I14:I27) -> 0 | J34: =SUM(J14:J27) -> 0 | K34: =SUM(K14:K27) -> 0 | L34: =SUM(L14:L27) -> 0 | M34: =SUM(M14:M27) -> 0 | N34: =SUM(N14:N27) -> 0 | O34: =SUM(O14:O27) -> 0 | P34: =SUM(P14:P27) -> 0 | ... W34: =SUM(W14:W27) -> 0 | Y34: =X34-C34 -> 0
B35: TOTAL ACUMULADO (R$) | C35: =SUM(C14:C27) -> 212334.34 | E35: =E34 -> 137136.06 | F35: =F34+E35 -> 234979.33 | G35: =G34+F35 -> 338173.33 | H35: =H34+G35 -> 509726.17 | I35: =H35-'ORC BVI'!$K$9 -> 0 | X35: =H35-'ORC BVI'!K9 -> 0 | Y35: =X35-C35 -> -212334.34
Y36: =X36-C36 -> 0
B38: ='MCQ AUXILIAR BVI'!B129 -> SAEMAS - SERTÃOZINHO | G38: ='ORC BVI'!E132 -> ENG Consultoria e Projetos Ltda.
G39: ='ORC BVI'!E133 -> Pedro Ivo de Almeida Santos
G40: ='ORC BVI'!E134 -> CREA: 5061115668 ART: 2620250708725
E48: =E14+E15+E16 -> 15315.573 | F48: =F16 -> 7027.6533 | G48: =G16 -> 7027.6533 | H48: =H14+H16 -> 8119.62 | X48: =E48+F48+G48+H48 -> 37490.5
E49: =E18+E19+#REF!+E20+E27+#REF!+#REF! -> #REF! | F49: =F18+F19+#REF!+F20+F27+#REF!+#REF! -> #REF! | G49: =G18+G19+#REF!+G20+G27+#REF!+#REF! -> #REF! | H49: =H18+H19+#REF!+H20+H27+#REF!+#REF!+#REF! -> #REF! | X49: =E49+F49+G49+H49 -> #REF!
X50: =X48+X49 -> #REF!
B153: =VLOOKUP(C153,'S03.25+C196+D10.24+F1024+S10.24'!$A$2:$C$20056,2, FALSE()) -> #N/A
B163: PREFEITURA MUNICIPAL DE BARRINHA - PREFEITO JOSÉ MARCOS MARTINS - 11-03-2022

Sheet BDI BVI
B1: ='ORC BVI'!B1 -> PLANILHA ORÇAMENTÁRIA DRENAGEM BAIRRO JARDIM BOA VISTA - SERTÃOZINHO/SP | K1: X
A2: QUADRO DE COMPOSIÇÃO DO BDI - SERVIÇOS E MÃO DE OBRA
A3: RESUMO | B3: SIGLA | C3: Taxas | D3: MIN | E3: MED | F3: MÁX
A4: ADMISTRAÇÃO CENTRAL | B4: AC | C4: 0.0343 | D4: 0.0343 | E4: 0.0493 | F4: 0.0671
A5: SEGURO E GARANTIA | B5: SG | C5: 0.0028 | D5: 0.0028 | E5: 0.0049 | F5: 0.0075
A6: RISCO | B6: R | C6: 0.01 | D6: 0.01 | E6: 0.0139 | F6: 0.0174
A7: DESPESAS FINANCEIRAS | B7: DF | C7: 0.0094 | D7: 0.0094 | E7: 0.0099 | F7: 0.0117
A8: LUCRO | B8: L | C8: 0.0684 | D8: 0.0674 | E8: 0.0804 | F8: 0.094
A9: TRIBUTOS - COFINS PIS | B9: CP | C9: =C10+C11 -> 0.0365 | D9: 3.65 | E9: 3.65 | F9: 3.65
A10: COFINS | C10: 0.03
A11: PIS | C11: 0.0065
A12: TRIBUTOS - ISS | B12: ISS | C12: =C13*C14 -> 0.0135 | D12: 0 | E12: 2.5 | F12: 5
A13: ESTIMATIVA PERCENTUAL DA BASE DE CÁLCULO PARA O ISS | C13: 0.45
A14: ALÍCOTA DE ISS | C14: 0.03
A15: TRIBUTOS - CONTRIBUIÇÃO PREVIDENCIÁRIA | B15: CPRB | C15: 0.045 | D15: 0 | E15: 2 | F15: 2
D16: 20.76 | E16: 24.18 | F16: 26.44
A17: BENEFÍCIOS E DESPESAS INDIRETAS - CONFORME ACÓRDÃO TCU | B17: BDI-TCU | C17: =(1+C4+C5+C6)*(1+C7)*(1+C8)/(1-C9-C12)-1 -> 0.18867118
A18: BENEFÍCIOS E DESPESAS INDIRETAS - SERVIÇOS E MÃO DE OBRA A SER APLICADO NA PLANILHA | B18: BDI-MO | C18: =(1+C4+C5+C6)*(1+C7)*(1+C8)/(1-C9-C12-C15)-1 -> 0.24777638 | D18: =D16+2 -> 22.76 | E18: =E16+2 -> 26.18 | F18: =F16+2 -> 28.44
A20: QUADRO DE COMPOSIÇÃO DO BDI - SERVIÇOS E MÃO DE OBRA
A21: DESCRIÇÃO | B21: SIGLA | C21: Taxas | D21: MIN | E21: MED | F21: MÁX
A22: ADMISTRAÇÃO CENTRAL | B22: AC | C22: 0.0345 | D22: 1.5 | E22: 3.45 | F22: 4.49
A23: SEGURO E GARANTIA | B23: SG | C23: 0.0048 | D23: 0.3 | E23: 0.48 | F23: 0.82
A24: RISCO | B24: R | C24: 0.0085 | D24: 0.56 | E24: 0.85 | F24: 0.89
A25: DESPESAS FINANCEIRAS | B25: DF | C25: 0.0085 | D25: 0.85 | E25: 0.85 | F25: 1.11
A26: LUCRO | B26: L | C26: 0.0511 | D26: 3.5 | E26: 5.11 | F26: 6.22
A27: TRIBUTOS - COFINS PIS | B27: CP | C27: =C28+C29 -> 0.0365 | D27: 3.65 | E27: 3.65 | F27: 3.65
A28: COFINS | C28: 0.03
A29: PIS | C29: 0.0065
A30: TRIBUTOS - ISS | B30: ISS | C30: =C31*C32 -> 0 | D30: 0 | E30: 2.5 | F30: 5
A31: ESTIMATIVA PERCENTUAL DA BASE DE CÁLCULO PARA O ISS | C31: 0
A32: ALÍCOTA DE ISS | C32: 0.03
A33: TRIBUTOS - CONTRIBUIÇÃO PREVIDENCIÁRIA | B33: CPRB | C33: 0 | D33: 0 | E33: 2 | F33: 2
D34: 11.1 | E34: 14.02 | F34: 16.8
A35: BENEFÍCIOS E DESPESAS INDIRETAS - CONFORME ACÓRDÃO TCU | B35: BDI-TCU | C35: =(1+C22+C23+C24)*(1+C25)*(1+C26)/(1-C27-C30)-1 -> 0.15278048 | D35: =D33+2 -> 2 | E35: =E33+2 -> 4 | F35: =F33+2 -> 4
A36: BENEFÍCIOS E DESPESAS INDIRETAS - FORNECIMENTO DE MATERIAIS E EQUIPAMENTOS A SER APLICADO NA PLANILHA | B36: BDI-EQ | C36: =(1+C22+C23+C24)*(1+C25)*(1+C26)/(1-C27-C30-C33)-1 -> 0.15278048 | D36: =D34+2 -> 13.1 | E36: =E34+2 -> 16.02 | F36: =F34+2 -> 18.8
B158: =VLOOKUP(C158,'S03.25+C196+D10.24+F1024+S10.24'!$A$2:$C$20056,2, FALSE()) -> #N/A
B168: PREFEITURA MUNICIPAL DE BARRINHA - PREFEITO JOSÉ MARCOS MARTINS - 11-03-2022

Sheet S03.25+C196+D10.24+F1024+S10.24
A1: SINAPI - Sistema Nacional de Pesquisa de Custos e Índices da Construção Civil
A2: RELATÓRIO DE PREÇOS DE INSUMOS - ENCARGOS SOCIAIS COM DESONERAÇÃO
A3: Mês de Referência: | B3: 03/2025
A4: Data de emissão: | B4: 11/04/2025 | D4: SP
D5: SAO PAULO
A6: Origem de preço: | B6: C = COLETADO | C6: CR = COEFICIENTE DE REPRESENTATIVIDADE | D6: 0.927
A7: Preço em branco para determinado estado significa que não houve coleta mínima de preços no mês de referência | D7: 0.5338
A10: Código da Composição | B10: Descrição | C10: Unidade | D10: Custo (R$)
A11: 104658 | B11: PISO PODOTÁTIL DE ALERTA OU DIRECIONAL, DE CONCRETO, ASSENTADO SOBRE ARGAMASSA. AF_03/2024 | C11: M2 | D11: 181.59
A12: 105002 | B12: RAMPA DE ACESSIBILIDADE EM CONCRETO MOLDADO IN LOCO, EM CALÇADA NOVA COM LARGURA MAIOR OU IGUAL À 3,00 M, FCK 25MPA, COM PISO PODOTÁTIL. AF_03/2024 | C12: UN | D12: 709.92
A13: 105004 | B13: RAMPA DE ACESSIBILIDADE EM CONCRETO MOLDADO IN LOCO, EM CALÇADA NOVA COM LARGURA MENOR À 3,00 M, FCK 25MPA, COM PISO PODOTÁTIL. AF_03/2024 | C13: M2 | D13: 120.14
A14: 105003 | B14: RAMPA DE ACESSIBILIDADE EM CONCRETO MOLDADO IN LOCO, EM CALÇADA PRÉ EXISTENTE COM LARGURA MAIOR OU IGUAL À 3,00 M, FCK 25MPA, COM PISO PODOTÁTIL. AF_03/2024 | C14: UN | D14: 1208.4
A15: 105005 | B15: RAMPA DE ACESSIBILIDADE EM CONCRETO MOLDADO IN LOCO, EM CALÇADA PRÉ EXISTENTE COM LARGURA MENOR À 3,00 M, FCK 25MPA, COM PISO PODOTÁTIL. AF_03/2024 | C15: M2 | D15: 212.43
A16: 105006 | B16: RAMPA DE ACESSIBILIDADE EM CONCRETO PRÉ MOLDADO, EM CALÇADA NOVA COM LARGURA MAIOR OU IGUAL À 3,00 M, FCK 25MPA, COM PISO PODOTÁTIL. AF_03/2024 | C16: UN | D16: 0
A17: 104999 | B17: RAMPA DE ACESSIBILIDADE EM CONCRETO PRÉ MOLDADO, EM CALÇADA PRÉ EXISTENTE COM LARGURA MAIOR OU IGUAL À 3,00 M, FCK 25MPA, COM PISO PODOTÁTIL. AF_03/2024 | C17: UN | D17: 0
A18: 105000 | B18: RAMPA DE ACESSIBILIDADE PARA ACESSO A EDIFICAÇÕES COM INCLINAÇÃO DE 8,33% EM CONCRETO MOLDADO IN LOCO, COM LARGURA DE 1,20M, FCK 25MPA, NÃO ARMADA, COM JUNTA A CADA 2M COM CORTE À SECO. AF_03/2024 | C18: M | D18: 1509.32
A19: 105001 | B19: RAMPA DE ACESSIBILIDADE PARA ACESSO A EDIFICAÇÕES COM INCLINAÇÃO DE 8,33% EM CONCRETO MOLDADO IN LOCO, COM LARGURA DE 1,50M, FCK 25MPA, NÃO ARMADA, COM JUNTA A CADA 2M COM CORTE À SECO. AF_03/2024 | C19: M | D19: 1538.41
A20: 89306 | B20: ALVENARIA ESTRUTURAL DE BLOCOS CERÂMICOS 14X19X29, (ESPESSURA DE 14 CM), UTILIZANDO COLHER DE PEDREIRO E ARGAMASSA DE ASSENTAMENTO COM PREPARO EM BETONEIRA. AF_03/2023 | C20: M2 | D20: 99.21
A21: 89307 | B21: ALVENARIA ESTRUTURAL DE BLOCOS CERÂMICOS 14X19X29, (ESPESSURA DE 14 CM), UTILIZANDO COLHER DE PEDREIRO E ARGAMASSA DE ASSENTAMENTO COM PREPARO MANUAL. AF_03/2023 | C21: M2 | D21: 102.41
A22: 89290 | B22: ALVENARIA ESTRUTURAL DE BLOCOS CERÂMICOS 14X19X29, (ESPESSURA DE 14 CM), UTILIZANDO PALHETA E ARGAMASSA DE ASSENTAMENTO COM PREPARO EM BETONEIRA. AF_03/2023 | C22: M2 | D22: 81.37
... A9663: 103548 | B9663: VÁLVULA REDUTORA DE PRESSÃO DE FERRO FUNDIDO PARA REDE DE ÁGUA, DN 80 MM, JUNTA FLANGEADA. AF_12/2021 | C9663: UN | D9663: 0
A9666: Código do Insumo | B9666: Descrição do Insumo | C9666: Unidade | D9666: SP
A9667: 45333 | B9667: ABERTURA PARA ENCAIXE DE CUBA OU LAVATORIO EM BANCADA DE MARMORE/ GRANITO OU OUTRO TIPO DE PEDRA NATURAL | C9667: UN | D9667: 166.99
A9668: 11270 | B9668: ABRACADEIRA DE LATAO PARA FIXACAO DE CABO PARA-RAIO, DIMENSOES 32 X 24 X 24 MM | C9668: UN | D9668: 2.64
A9669: 412 | B9669: ABRACADEIRA DE NYLON PARA AMARRACAO DE CABOS, COMPRIMENTO DE *230* X *7,6* MM | C9669: UN | D9669: 1.13
A9670: 414 | B9670: ABRACADEIRA DE NYLON PARA AMARRACAO DE CABOS, COMPRIMENTO DE 100 X 2,5 MM | C9670: UN | D9670: 0.07
A9671: 410 | B9671: ABRACADEIRA DE NYLON PARA AMARRACAO DE CABOS, COMPRIMENTO DE 150 X *3,6* MM | C9671: UN | D9671: 0.17
A9672: 411 | B9672: ABRACADEIRA DE NYLON PARA AMARRACAO DE CABOS, COMPRIMENTO DE 200 X *4,6* MM | C9672: UN | D9672: 0.22
A9673: 408 | B9673: ABRACADEIRA DE NYLON PARA AMARRACAO DE CABOS, COMPRIMENTO DE 390 X *4,6* MM | C9673: UN | D9673: 1.09
A9674: 39131 | B9674: ABRACADEIRA EM ACO PARA AMARRACAO DE ELETRODUTOS, TIPO D, COM 1 1/2" E CUNHA DE FIXACAO | C9674: UN | D9674: 3.55
A9675: 394 | B9675: ABRACADEIRA EM ACO PARA AMARRACAO DE ELETRODUTOS, TIPO D, COM 1 1/2" E PARAFUSO DE FIXACAO | C9675: UN | D9675: 3.6
A9676: 39130 | B9676: ABRACADEIRA EM ACO PARA AMARRACAO DE ELETRODUTOS, TIPO D, COM 1 1/4" E CUNHA DE FIXACAO | C9676: UN | D9676: 3.24
A9677: 395 | B9677: ABRACADEIRA EM ACO PARA AMARRACAO DE ELETRODUTOS, TIPO D, COM 1 1/4" E PARAFUSO DE FIXACAO | C9677: UN | D9677: 3.46
A9678: 39129 | B9678: ABRACADEIRA EM ACO PARA AMARRACAO DE ELETRODUTOS, TIPO D, COM 1" E CUNHA DE FIXACAO | C9678: UN | D9678: 2
... A14503: 41096 | B14503: VIGIA DIURNO (MENSALISTA) | C14503: MES | D14503: 3591.99
B14514: COMPANHIA DE DESENVOLVIMENTO HABITACIONAL E URBANO
A14515: DO ESTADO DE SÃO PAULO
A14516: BOLETIM REFERENCIAL DE CUSTOS - TABELA DE SERVIÇOS
A14517: COM DESONERAÇÃO
D14518: Versão 197
D14519: FEV25
C14520: BDI : | D14520: 0.9778
A14521: Referência | B14521: Descrição | C14521: Un | D14521: Custo Total
A14522: 1 | B14522: SERVICO TECNICO ESPECIALIZADO
A14523: 01.02 | B14523: Parecer técnico
A14524: 01.02.071 | B14524: Parecer técnico de fundações, contenções e recomendações gerais, para empreendimentos com área construída até 1.000 m² | C14524: UN | D14524: 6116.97
A14525: 01.02.081 | B14525: Parecer técnico de fundações, contenções e recomendações gerais, para empreendimentos com área construída de 1.001 a 2.000 m² | C14525: UN | D14525: 8134.38
A14526: 01.02.091 | B14526: Parecer técnico de fundações, contenções e recomendações gerais, para empreendimentos com área construída de 2.001 a 5.000 m² | C14526: UN | D14526: 13895.33
A14527: 01.02.101 | B14527: Parecer técnico de fundações, contenções e recomendações gerais, para empreendimentos com área construída de 5.001 a 10.000 m² | C14527: UN | D14527: 19052.14
A14528: 01.02.111 | B14528: Parecer técnico de fundações, contenções e recomendações gerais, para empreendimentos com área construída acima de 10.000 m² | C14528: UN | D14528: 22202.32
A14529: 01.06 | B14529: Projeto de instalações elétricas
A14530: 01.06.021 | B14530: Elaboração de projeto de adequação de entrada de energia elétrica junto a concessionária, com medição em baixa tensão e demanda até 75 kVA | C14530: UN | D14530: 7813.2
A14531: 01.06.031 | B14531: Elaboração de projeto de adequação de entrada de energia elétrica junto a concessionária, com medição em média tensão, subestação simplificada e demanda de 75 kVA a 300 kVA | C14531: UN | D14531: 13234.18
A14532: 01.06.032 | B14532: Elaboração de projeto de adequação de entrada de energia elétrica junto a concessionária, com medição em média tensão e demanda de 75 kVA a 300 kVA | C14532: UN | D14532: 17908.2
A14533: 01.06.041 | B14533: Elaboração de projeto de adequação de entrada de energia elétrica junto a concessionária, com medição em média tensão e demanda acima de 300 kVA a 2 MVA | C14533: UN | D14533: 23819.9
A14534: 01.17 | B14534: Projeto executivo
A14535: 01.17.031 | B14535: Projeto executivo de arquitetura em formato A1 | C14535: UN | D14535: 3077.44
A14536: 01.17.041 | B14536: Projeto executivo de arquitetura em formato A0 | C14536: UN | D14536: 4160.4
A14537: 01.17.051 | B14537: Projeto executivo de estrutura em formato A1 | C14537: UN | D14537: 2256.94
A14538: 01.17.061 | B14538: Projeto executivo de estrutura em formato A0 | C14538: UN | D14538: 3087.93
A14539: 01.17.071 | B14539: Projeto executivo de instalações hidráulicas em formato A1 | C14539: UN | D14539: 968.9
A14540: 01.17.081 | B14540: Projeto executivo de instalações hidráulicas em formato A0 | C14540: UN | D14540: 1289.74
A14541: 01.17.111 | B14541: Projeto executivo de instalações elétricas em formato A1 | C14541: UN | D14541: 1075.95
A14542: 01.17.121 | B14542: Projeto executivo de instalações elétricas em formato A0 | C14542: UN | D14542: 1491.87
A14543: 01.17.151 | B14543: Projeto executivo de climatização em formato A1 | C14543: UN | D14543: 2070.98
A14544: 01.17.161 | B14544: Projeto executivo de climatização em formato A0 | C14544: UN | D14544: 2822.98
A14545: 01.17.171 | B14545: Projeto executivo de chuveiros automáticos em formato A1 | C14545: UN | D14545: 1787.93
A14546: 01.17.181 | B14546: Projeto executivo de chuveiros automáticos em formato A0 | C14546: UN | D14546: 2310.97
A14547: 01.20 | B14547: Levantamento topográfico e geofísico
A14548: 01.20.010 | B14548: Taxa de mobilização e desmobilização de equipamentos para execução de levantamento topográfico | C14548: TX | D14548: 1148.01
A14549: 01.20.280 | B14549: Levantamento planimétrico de área pavimentada para veículo e pedestre | C14549: M2 | D14549: 0.2
A14550: 01.20.691 | B14550: Levantamento planimétrico cadastral com áreas ocupadas predominantemente por comunidades - área até 20.000 m² (mínimo de 3.500 m²) | C14550: M2 | D14550: 0.88
A14551: 01.20.701 | B14551: Levantamento planimétrico cadastral com áreas ocupadas predominantemente por comunidades - área acima de 20.000 m² até 200.000 m² | C14551: M2 | D14551: 0.71
A14552: Referência | B14552: Descrição | C14552: Un | D14552: Custo Total
A14553: 01.20.711 | B14553: Levantamento planimétrico cadastral com áreas ocupadas predominantemente por comunidades - área acima de 200.000 m² | C14553: M2 | D14553: 0.58
A14554: 01.20.721 | B14554: Levantamento planimétrico cadastral com áreas até 50% de ocupação - área até 20.000 m² (mínimo de 3.500 m²) | C14554: M2 | D14554: 0.79
A14555: 01.20.731 | B14555: Levantamento planimétrico cadastral com áreas até 50% de ocupação - área acima de 20.000 m² até 200.000 m² | C14555: M2 | D14555: 0.65
A14556: 01.20.741 | B14556: Levantamento planimétrico cadastral com áreas até 50% de ocupação - área acima de 200.000 m² | C14556: M2 | D14556: 0.5
A14557: 01.20.751 | B14557: Levantamento planimétrico cadastral com áreas acima de 50% de ocupação - área até 20.000 m² (mínimo de 4.000 m²) | C14557: M2 | D14557: 0.7
A14558: 01.20.761 | B14558: Levantamento planimétrico cadastral com áreas acima de 50% de ocupação - área acima de 20.000 m² até 200.000 m² | C14558: M2 | D14558: 0.61
A14559: 01.20.771 | B14559: Levantamento planimétrico cadastral com áreas acima de 50% de ocupação - área acima de 200.000 m² | C14559: M2 | D14559: 0.58
A14560: 01.20.781 | B14560: Levantamento planialtimétrico cadastral com áreas ocupadas predominantemente por comunidades - área até 20.000 m² (mínimo de 3.500 m²) | C14560: M2 | D14560: 0.96
A14561: 01.20.791 | B14561: Levantamento planialtimétrico cadastral com áreas ocupadas predominantemente por comunidades - área acima de 20.000 m² até 200.000 m² | C14561: M2 | D14561: 0.76
A14562: 01.20.801 | B14562: Levantamento planialtimétrico cadastral com áreas ocupadas predominantemente por comunidades - área acima de 200.000 m² | C14562: M2 | D14562: 0.61
A14563: 01.20.811 | B14563: Levantamento planialtimétrico cadastral com áreas até 50% de ocupação - área até 20.000 m² (mínimo de 4.000 m²) | C14563: M2 | D14563: 0.81
A14564: 01.20.821 | B14564: Levantamento planialtimétrico cadastral com áreas até 50% de ocupação - área acima de 20.000 m² até 200.000 m² | C14564: M2 | D14564: 0.66
... A14574: 01.20.921 | B14574: Implantação de marcos através de levantamento com GPS (mínimo de 3 marcos) | C14574: UN | D14574: 1145.78
A14575: 01.21 | B14575: Estudo geotecnico (sondagem)
A14576: 01.21.010 | B14576: Taxa de mobilização e desmobilização de equipamentos para execução de sondagem | C14576: TX | D14576: 1285.68
A14577: 01.21.090 | B14577: Taxa de mobilização e desmobilização de equipamentos para execução de sondagem rotativa | C14577: TX | D14577: 6660.6
A14578: 01.21.100 | B14578: Sondagem do terreno a trado | C14578: M | D14578: 97.94
A14579: 01.21.110 | B14579: Sondagem do terreno à percussão (mínimo de 30 m) | C14579: M | D14579: 89.71
A14580: 01.21.120 | B14580: Sondagem do terreno rotativa em solo | C14580: M | D14580: 398.67
A14581: Referência | B14581: Descrição | C14581: Un | D14581: Custo Total
A14582: 01.21.130 | B14582: Sondagem do terreno rotativa em rocha | C14582: M | D14582: 638.01
A14583: 01.21.140 | B14583: Sondagem do terreno à percussão com a utilização de torquímetro (mínimo de 30 m) | C14583: M | D14583: 94.44
A14584: 01.23 | B14584: Tratamento, recuperação e trabalhos especiais em concreto
A14585: 01.23.010 | B14585: Taxa de mobilização e desmobilização de equipamentos para execução de corte em concreto armado | C14585: TX | D14585: 405.36
A14586: 01.23.020 | B14586: Limpeza de armadura com escova de aço | C14586: M2 | D14586: 8.62
A14587: 01.23.030 | B14587: Preparo de ponte de aderência com adesivo a base de epóxi | C14587: M2 | D14587: 145.37
...
